 Dungeon Crawl Stone Soup version 0.30.0-15-g856e2d3f33 (webtiles) character file.

Game seed: 338426082805923595

404023 qw the Impregnable (level 23, 0/159 HPs)
             Began as a Gargoyle Fighter on May 20, 2023.
             Was an Elder of Okawaru.
             Slain by Mara (illusionary)
             ... wielding a +1 demon trident of draining
              (2 damage)
             ... on level 5 of the Vaults.
             The game lasted 00:28:12 (48888 turns).

qw the Impregnable (Gargoyle Fighter)              Turns: 48888, Time: 00:28:13

Health: 0/159      AC: 49    Str: 32    XL:     23   Next: 36%
Magic:  30/30      EV: 17    Int: 10    God:    Okawaru [****..]
Gold:   2962       SH: 31    Dex: 12    Spells: 22/22 levels left

rFire   + . .        Y - +9 broad axe (elec)
rCold   + . .        J - +2 tower shield {AC+3}
rNeg    + + .        L - +0 gold dragon scales
rPois   inf          w - +0 helmet "Pomuint" {rN+ Str+2 Dex+3}
rElec   +            r - scarf {repulsion}
rCorr   .            l - +2 pair of gloves
SInv    .            B - +2 pair of boots
Will    +....        f - amulet of reflection Stlth
                     t - +5 ring of evasion
HPRegen 0.46/turn    c - +4 ring of slaying {mikee}
MPRegen 0.22/turn

%: repel missiles, reflection
@: about to teleport, heroic, marked, corroded, flying, glowing
A: sickness immunity, AC +17, big wings, negative energy resistance 1,
electricity resistance, torment resistance 1, petrification resistance
}: 2/15 runes: serpentine, barnacled
a: Renounce Religion, Heroism, Finesse


You were on level 5 of the Vaults.
You worshipped Okawaru.
Okawaru was greatly pleased with you.
You visited 8 branches of the dungeon, and saw 40 of its levels.
You visited the Abyss 2 times.
You also visited: Gauntlet.

You collected 4546 gold pieces.
You spent 1584 gold pieces at shops.


Innate Abilities, Weirdness & Mutations

You are immune to sickness and miasma.
Your stone body is resilient. (AC +17)
You are immune to poison.
Your large and strong wings let you fly.
You resist negative energy. (rN+)
You are resistant to electric shocks. (rElec)
You are resistant to unholy torment.
You are immune to petrification.


   Skills:
 + Level 20.9(25.9) Fighting
 - Level 18.0(23.0) Axes
 - Level 10.0(15.0) Throwing
 - Level 22.0(27) Armour
 - Level 7.0(12.0) Dodging
 - Level 21.0(26.0) Shields
 - Level 10.1 Invocations


You had 22 spell levels left.
You didn't know any spells.
Your spell library was empty.

Inventory:

Hand Weapons
 I - the +8 hand axe "Fyffienu" {venom, rCorr}
   (Okawaru gifted it to you on level 2 of the Snake Pit)

   rCorr:     It protects you from acid and corrosion.
 Y - a +9 broad axe of electrocution (weapon)
Missiles
 u - 5 javelins (quivered)
 F - 5 boomerangs
Armour
 g - a +4 plate armour
 k - the +5 plate armour of Vosyczuh {-Tele rN+++ SInv}
   (You found it on level 5 of the Lair of Beasts)

   rN:        It renders you almost immune to negative energy.
   SInv:      It lets you see invisible.
   -Tele:     It prevents most forms of teleportation.
 l - a +2 pair of gloves (worn)
 r - a scarf of repulsion (worn)
 w - the +0 helmet "Pomuint" (worn) {rN+ Str+2 Dex+3}
   (You acquired it on level 3 of the Lair of Beasts)

   Str:       It affects your strength (+2).
   Dex:       It affects your dexterity (+3).
   rN:        It protects you from negative energy.
 y - the +6 plate armour of the Raven {Harm Drain rCorr}
   (You acquired it on level 11 of the Dungeon)

   rCorr:     It protects you from acid and corrosion.
   Drain:     It drains your maximum health when unequipped.
   Harm:      It increases damage dealt and taken.
 A - a +2 cloak
 B - a +2 pair of boots (worn)
 D - the +0 hat "Kajisuoviu" {rC+ Dex+2}
   (Okawaru gifted it to you on level 2 of the Depths)

   Dex:       It affects your dexterity (+2).
   rC:        It protects you from cold.
 G - a scarf of resistance
 J - a +2 tower shield of protection (worn)
 L - +0 gold dragon scales (worn)
Jewellery
 c - a +4 ring of slaying (right hand) {mikee}
 f - an amulet of reflection (around neck)
 i - a ring of protection from cold
 t - a +5 ring of evasion (left hand)
 x - a ring of resist corrosion
 z - a ring of protection from fire
 C - the ring "Wenetu" {rC+ Int+3 Stlth-}
   (You took it off a minotaur in a Gauntlet)

   [ring of protection from cold]

   Int:       It affects your intelligence (+3).
   rC:        It protects you from cold.
   Stlth:     It makes you less stealthy.
 K - a ring of fire
 M - the ring of Xytowade {rN+ rCorr Str-3 Int+6 Slay+2}
   (You took it off a naga ritualist on level 3 of the Snake Pit)

   [ring of intelligence]

   Str:       It affects your strength (-3).
   Int:       It affects your intelligence (+6).
   Slay:      It affects your accuracy & damage with ranged weapons and melee
   (+2).
   rN:        It protects you from negative energy.
   rCorr:     It protects you from acid and corrosion.
Wands
 v - a wand of digging (17)
Scrolls
 b - 27 scrolls of identify
 e - 7 scrolls of teleportation
 p - 5 scrolls of enchant weapon
Potions
 a - 4 potions of cancellation
 d - 6 potions of might
 h - 3 potions of heal wounds
 j - 10 potions of haste
 m - 4 potions of attraction
 n - a potion of curing
 o - 10 potions of lignification
 q - 6 potions of mutation
 s - 3 potions of resistance

Dungeon Overview and Level Annotations

Branches:
Dungeon (15/15)            Temple (1/1) D:4            Lair (5/5) D:9
 Shoals (4/4) Lair:3        Snake (4/4) Lair:3        Slime (0/5) Lair:5
    Orc (2/2) D:9             Elf (0/3) Orc:2        Vaults (5/5) D:14
  Crypt (0/3) Vaults:3     Depths (4/4) D:15            Zot (0/5) Depths:4
Gauntlet (visited)

Altars:
Ashenzari
Cheibriados
Dithmenos
Elyvilon
Fedhas
Gozag
Hepliaklqana
Kikubaaqudgha
Makhleb
Nemelex Xobeh
Okawaru
Qazlal
Ru
Sif Muna
Trog
Uskayaw
Vehumet
Wu Jian
Xom
Yredelemnul
Zin
The Shining One
Jiyva

Shops:
D:9 (   D:12 :   Orc:2 :!([   Shoals:3 =   Snake:2 =::   Vaults:1 ?

Portals:
Hell: Depths:1 Depths:2 Depths:3 Depths:4
Abyss: Depths:1 Depths:3
Pandemonium: Depths:2
Ziggurat: Depths:1
Trove: D:15 (give 13 potions of heal wounds)

Annotations:
D:2 1 runed translucent door, Crazy Yiuf
D:5 3 runed translucent doors, qw's ghost, novice GrCA
D:12 3 runed translucent doors, qw's ghost, journeyman GrCA
D:15 1 runed translucent door, Waecyras's ghost, adept KoGl
Lair:1 3 runed translucent doors, qw's ghost, journeyman GrCA
Vaults:2 3 runed translucent doors
Vaults:3 1 runed translucent door
Vaults:4 2 transporters, qw's ghost, veteran GrCA
Vaults:5 Mara; Mennas
Depths:1 1 runed translucent door


Message History

You block Mennas's attack.
You hit the frost giant.
The frost giant is severely wounded.
You slice qw's illusion!!
The ogre mage gestures at the two-headed ogre while chanting.
The two-headed ogre seems to speed up.
An ogre comes into view. It is wielding a +0 giant club.
A yaktaur captain comes into view.
You block the frost giant's attack. You block Mara's attack.
You block Mennas's attack.
Mennas hits you from afar with a +3 trishula of holy wrath.
You slash the frost giant!
The frost giant is almost dead.
You hit qw's illusion but do no damage. You barely miss the tengu reaver.
The yaktaur shoots a bolt.
You block the bolt with an invisible shield... and reflect it back!
The bolt hits qw's illusion but does no damage.
Qw's illusion hits you but does no damage.
You block Mennas's attack. x2
You slice the frost giant!!
You kill the frost giant!
Okawaru accepts your kill.
You hit qw's illusion but do no damage. You slice the tengu reaver!!
Lightning courses through the tengu reaver!
The tengu reaver casts a spell at you. The bolt of acid hits you!!!
The acid corrodes you!
A yaktaur comes into view.
Mara says, "Entranced by some poetic flight, are you?"
Mara hits you but does no damage.
Mara blinks!
You block qw's illusion's attack. You block Mennas's attack.
Mennas closely misses you.
48888 ||| READING 8 scrolls of teleportation.
As you read the scroll of teleportation, it crumbles to dust.
You feel strangely unstable.
A boggart comes into view.
You block Mennas's attack. x2
A two-headed ogre comes into view.
It is wielding a +0 giant spiked club and a +0 giant club.
The tengu reaver points at you and mumbles some strange words.
The bolt of acid misses you.
Mara hits you from afar with a +1 demon trident of draining.
You die...

....# ##.....##
.....#+#....... ..
....c............#
#...c.......# ..##
#....))...# #..##
#....).Rc.# #...#
#....CCRR.## ##..#
#....:cp@...###..#
......cAQ@)...)..##
...g.###.O)...[...##
....# ##..O.)##...#
# .Q.. #..O.####..#
# # ... #....# #..#
# .. #......# ...#
#... ....##.OO....#
.... ....####.......
..## ##### #####...


You could see Mennas, 3 Maras, a stone giant, a tengu reaver, 3 yaktaur
captains, a vault guard, an ettin, 3 two-headed ogres, an ogre mage, 2 yaktaurs,
an ogre, a boggart and qw's illusion.

Vanquished Creatures
  2 juggernauts
  Josephina (Depths:2)
  Sojobo (Vaults:5)
  Bai Suzhen (Snake:3)
  5 golden dragons
  Vashnia (Snake:3)
  Rupert (D:14)
  6 tentacled monstrosities
  2 liches
  A walking earthen tome (Depths:2)
  A walking divine tome (Depths:2)
  A walking frostbound tome (Depths:2)
  Asterion (Depths:2)
  A quicksilver dragon (Depths:2)
  Polyphemus (Shoals:2)
  A kraken (Shoals:3)
  5 sphinxes
  4 tengu reavers
  6 shadow dragons
  8 nagarajas
  14 frost giants
  A draconian knight (Abyss:2)
  2 deep elf sorcerers (Vaults:5)
  3 fire giants
  2 iron dragons
  8 vault wardens
  2 war gargoyles
  A spriggan defender (Depths:2)
  13 very ugly things
  8 stone giants
  15 ironbound preservers
  A green draconian (Depths:4)
  A draconian annihilator (Depths:4)
  3 orc warlords
  7 ironbound thunderhulks
  2 deep elf demonologists (Vaults:5)
  3 vampire knights
  2 red draconians (Depths:4)
  3 yellow draconians (Depths:4)
  3 purple draconians (Depths:4)
  A minotaur (Gauntlet)
  5 spark wasps
  3 fire dragons
  16 dire elephants
  4 entropy weavers
  A blizzard demon (Abyss:2)
  8 ettins
  7 merfolk impalers
  3 merfolk javelineers
  8 yaktaur captains
  6 ice dragons
  8 great orbs of eyes
  3 hydras
  A peacekeeper (Vaults:3)
  4 rakshasas
  A spectral tengu (Depths:2)
  27 vault guards
  2 hell beasts (Depths:3)
  A caustic shrike simulacrum (Depths:2)
  4 salamander tyrants
  6 ogre magi
  2 catoblepae
  10 merfolk avatars
  4 spriggan air magi
  8 centaur warriors
  3 merfolk aquamancers
  5 ironbound frosthearts
  15 anacondas
  A satyr (Shoals:2)
  14 naga warriors
  9 two-headed ogres
  2 boulder beetles
  An alligator (Shoals:1)
  4 tengu warriors
  10 death yaks
  An orc high priest (Orc:1)
  Urug (D:14)
  4 deep troll shamans
  10 naga sharpshooters
  3 deep troll earth magi
  A spriggan (Depths:2)
  3 spriggan berserkers (Depths:2)
  6 thrashing horrors (Abyss:2)
  A soul eater (Depths:3)
  2 wretched stars (Abyss:2)
  A spectral dire elephant (Lair:5)
  3 shock serpents
  16 skeletal warriors
  5 skysharks
  A spectral anaconda (Lair:5)
  A sixfirhy (Abyss:2)
  9 salamander mystics
  A fire crab (Lair:5)
  A spectral death yak (Lair:5)
  2 shadow wraiths
  2 flayed ghosts (Depths:2)
  An orb spider (shapeshifter) (D:14)
  6 glowing orange brains
  9 sea snakes
  18 naga ritualists
  9 wizards
  5 iron trolls
  38 deep trolls
  2 phantasmal warriors
  16 ironbound convokers
  An obsidian statue (Lair:5)
  9 lindwurms
  2 starcursed masses (Abyss:2)
  25 harpies
  Pikel (D:5)
  4 necromancers
  An oklob plant (Lair:5)
  15 mana vipers
  3 orc sorcerers (Orc:2)
  2 tengu skeletons (Vaults:3)
  2 deep elf pyromancers
  24 ugly things
  2 orc knights
  13 fauns
  18 salamanders
  14 manticores
  A worldbinder (Abyss:2)
  21 elephants
  A manticore (shapeshifter) (Depths:2)
  7 cyclopes
  A moth of wrath (shapeshifter) (D:13)
  3 human skeletons (Vaults:3)
  20 vault sentinels
  A fire giant skeleton (Vaults:3)
  6 water nymphs
  8 merfolk sirens
  42 black mambas
  A gargoyle (D:10)
  A dire elephant zombie (Lair:5)
  4 guardian serpents
  20 naga magi
  A torpor snail (Lair:3)
  An unseen horror (D:13)
  9 cane toads
  Maggie (Lair:2)
  4 rime drakes
  6 komodo dragons
  3 kobold demonologists
  A dire elephant skeleton (Abyss:2)
  2 ancient zymes (Abyss:2)
  13 yaktaurs
  A spark wasp simulacrum (Depths:2)
  An ice devil (Gauntlet)
  A freezing wraith (D:14)
  3 tengu conjurers
  2 yaktaur skeletons (Vaults:3)
  A hornet (Depths:2)
  3 meliai (D:13)
  3 trolls
  2 merfolk (shapeshifter)
  A wind drake (shapeshifter) (D:12)
  A wolf spider simulacrum (D:14)
  14 merfolk
  4 wind drakes
  4 raiju
  11 snapping turtles
  3 blink frogs (Lair:1)
  12 dream sheep
  A spectral elephant (Lair:5)
  38 slime creatures
  3 ettin skeletons (Vaults:3)
  9 water elementals
  A shadow (D:12)
  4 wraiths
  A ynoxinul (Abyss:2)
  3 wyverns
  3 vampires
  4 large abominations (Abyss:2)
  16 humans (D:14)
  A yak (shapeshifter) (D:15)
  49 yaks
  2 basilisks
  3 steam dragons
  10 vampire mosquitoes
  A neqoxec (Abyss:2)
  8 redbacks
  52 nagas
  3 wargs
  A swamp worm (shapeshifter) (Vaults:5)
  4 acid dragons
  11 water moccasins
  2 black bears
  An elephant zombie (Lair:5)
  An ice beast (D:6)
  27 orc warriors
  18 wolves
  8 ogres
  8 boggarts
  19 centaurs
  An elephant skeleton (Lair:5)
  4 lemures (D:5)
  2 phantoms (D:6)
  4 kobold brigands
  A necrophage (D:5)
  Blork the orc (D:5)
  15 bullfrogs
  5 scorpions
  3 gnoll sergeants
  10 wights (D:9)
  6 killer bees (D:10)
  2 small abominations (Abyss:2)
  3 howler monkeys (D:10)
  4 jellies
  A gnoll bouda (D:8)
  25 orc priests
  4 hounds (D:5)
  4 iguanas (D:5)
  A sleepcap (D:4)
  27 orc wizards
  Natasha (thrice) (D:2)
  A hound skeleton (D:5)
  4 adders
  23 gnolls
  3 white imps (Gauntlet)
  2 ufetubi
  3 worms
  2 dart slugs
  102 orcs
  7 bats
  7 endoplasms
  5 giant cockroaches
  10 goblins
  7 hobgoblins
  4 jackals
  28 kobolds
  A quokka (D:2)
  7 ball pythons
  3 frilled lizards
  A goblin zombie (D:6)
  3 rats (D:2)
  A rat zombie (D:6)
  A lurking horror (Abyss:2)
  A spectral weapon (Depths:2)
  4 tentacles (Shoals:3)
1578 creatures vanquished.

Vanquished Creatures (others)
  A wizard (Vaults:3)
  A naga mage (Snake:4)
  A frost giant simulacrum (Depths:2)
  A spriggan simulacrum (Depths:2)
  A phantom (D:6)
  A lurking horror (Abyss:2)
  4 tentacles (Shoals:3)
10 creatures vanquished.

Grand Total: 1588 creatures vanquished

Notes
Turn   | Place    | Note
-------+----------+-------------------------------------------
     0 | D:1      | qw the Gargoyle Fighter began the quest for the Orb.
     0 | D:1      | Reached XP level 1. HP: 14/14 MP: 1/1
     0 | D:1      | 0 ||| qw: Version: 0.2-a-97-g6b18286
     0 | D:1      | 0 ||| qw: Game counter: 34
     0 | D:1      | 0 ||| qw: Always use a shield: true
     0 | D:1      | 0 ||| qw: God list: Okawaru
     0 | D:1      | 0 ||| qw: Allow faded altars: false
     0 | D:1      | 0 ||| qw: Do Orc after D:15 true
     0 | D:1      | 0 ||| qw: Do second Lair branch before Depths: true
     0 | D:1      | 0 ||| qw: Lair rune preference: random
     0 | D:1      | 0 ||| qw: Plans: Normal, Zot:1-4, God:TSO, Crypt, Tomb,
                  | Pan, Slime:5, Hells, Abyss, Win
     0 | D:1      | 0 ||| PLANNING D:1-11
    36 | D:1      | 36 ||| Stepping ~*~*~tactically~*~*~ (stealth).
   143 | D:1      | Reached XP level 2. HP: 12/19 MP: 2/2
   397 | D:1      | Reached skill level 3 in Axes
   398 | D:1      | 398 ||| Stepping ~*~*~tactically~*~*~ (hiding).
   399 | D:1      | 399 ||| Stepping ~*~*~tactically~*~*~ (hiding).
   400 | D:1      | 400 ||| Stepping ~*~*~tactically~*~*~ (hiding).
   406 | D:1      | Reached XP level 3. HP: 23/23 MP: 3/3
  1045 | D:1      | 1045 ||| READING scroll labelled HAISTR DOSOPHU.
  1046 | D:1      | 1046 ||| READING scroll labelled LECSUCZ BIGGANK.
  1047 | D:1      | 1047 ||| READING scroll labelled MEAPRU NICKEUS.
  1048 | D:1      | 1048 ||| READING scroll labelled FENAXZ OGOYN.
  1049 | D:1      | 1049 ||| DRINKING 2 grey potions.
  1142 | D:2      | 1142 ||| DROPPING +0 club.
  1191 | D:2      | Reached XP level 4. HP: 28/28 MP: 4/4
  1447 | D:2      | Noticed Natasha
  1448 | D:2      | 1448 ||| Stepping ~*~*~tactically~*~*~ (hiding).
  1450 | D:2      | Killed Natasha
  1630 | D:2      | Noticed Natasha
  1631 | D:2      | 1631 ||| Stepping ~*~*~tactically~*~*~ (stealth).
  1633 | D:2      | 1633 ||| Stepping ~*~*~tactically~*~*~ (stealth).
  1672 | D:2      | Killed Natasha
  1859 | D:2      | 1859 ||| Stepping ~*~*~tactically~*~*~ (hiding).
  1874 | D:2      | Reached XP level 5. HP: 29/32 MP: 5/5
  1912 | D:2      | Found a runed translucent door.
  1913 | D:2      | Noticed Crazy Yiuf
  2100 | D:2      | Noticed Natasha
  2101 | D:2      | 2101 ||| Stepping ~*~*~tactically~*~*~ (stealth).
  2404 | D:2      | 2404 ||| DROPPING orb of energy.
  2405 | D:2      | 2405 ||| UPGRADING to +0 chain mail.
  2415 | D:2      | 2415 ||| DROPPING +0 scale mail.
  2416 | D:2      | 2416 ||| UPGRADING to amulet of reflection.
  2421 | D:2      | 2421 ||| UPGRADING to +4 ring of protection.
  2422 | D:2      | 2422 ||| UPGRADING to ring of protection from fire.
  2423 | D:2      | 2423 ||| READING scroll labelled ISUWIO KEUNIMO.
  2424 | D:2      | 2424 ||| READING scroll labelled SELACOT LENEQ.
  2434 | D:2      | 2434 ||| Stepping ~*~*~tactically~*~*~ (stealth).
  2440 | D:2      | Killed Natasha
  2721 | D:3      | Found a snail-covered altar of Cheibriados.
  2725 | D:3      | 2725 ||| Stepping ~*~*~tactically~*~*~ (hiding).
  3031 | D:3      | 3031 ||| READING scroll labelled BAOMPO RAFA.
  3032 | D:3      | 3032 ||| READING scroll labelled AWEIP FEPLOIPUG.
  3033 | D:3      | 3033 ||| DRINKING 2 murky silvery potions.
  3034 | D:3      | 3034 ||| DROPPING potion of degeneration.
  3234 | D:4      | 3234 ||| Stepping ~*~*~tactically~*~*~ (hiding).
  3235 | D:4      | 3235 ||| Stepping ~*~*~tactically~*~*~ (hiding).
  3236 | D:4      | 3236 ||| Stepping ~*~*~tactically~*~*~ (hiding).
  3237 | D:4      | 3237 ||| Stepping ~*~*~tactically~*~*~ (hiding).
  3243 | D:4      | 3243 ||| Stepping ~*~*~tactically~*~*~ (stealth).
  3245 | D:4      | 3245 ||| Stepping ~*~*~tactically~*~*~ (stealth).
  3254 | D:4      | Reached XP level 6. HP: 39/39 MP: 6/6
  3319 | D:4      | Found a staircase to the Ecumenical Temple.
  3320 | D:4      | 3320 ||| PLANNING TEMPLE
  3326 | Temple   | Entered the Ecumenical Temple
  3327 | Temple   | 3327 ||| PLANNING OKAWARU WORSHIP
  3334 | Temple   | Became a worshipper of Warmaster Okawaru
  3334 | Temple   | 3334 ||| PLANNING D:1-11
  3364 | D:4      | 3364 ||| Stepping ~*~*~tactically~*~*~ (stealth).
  3480 | D:4      | 3480 ||| READING scroll labelled WUENNE ZIPS.
  3489 | D:5      | Entered Level 5 of the Dungeon
  3529 | D:5      | 3529 ||| Stepping ~*~*~tactically~*~*~ (stealth).
  3575 | D:5      | Noticed Pikel
  3589 | D:5      | HP: 5/39 [Pikel/+2 whip of freezing (9)]
  3589 | D:5      | HP: 2/39 [Pikel/+2 whip of freezing (3)]
  3590 | D:5      | 3590 ||| DRINKING potion of heal wounds.
  3592 | D:5      | Killed Pikel
  3592 | D:5      | Reached * piety under Okawaru
  3593 | D:5      | Reached XP level 7. HP: 29/44 MP: 7/7
  3689 | D:5      | Found a runed translucent gate.
  3689 | D:5      | Found a runed translucent gate.
  3690 | D:5      | Found a runed translucent gate.
  3690 | D:5      | Noticed Blork the orc
  3691 | D:5      | 3691 ||| INVOKING Heroism.
  3698 | D:5      | Killed Blork the orc
  3699 | D:5      | Reached skill level 1 in Dodging
  3699 | D:5      | Reached XP level 8. HP: 31/48 MP: 5/8
  3733 | D:5      | 3733 ||| Stepping ~*~*~tactically~*~*~ (stealth).
  3770 | D:5      | 3770 ||| INVOKING Heroism.
  3847 | D:5      | Reached skill level 1 in Invocations
  3991 | D:5      | 3991 ||| INVOKING Heroism.
  4023 | D:5      | Noticed a two-headed ogre
  4024 | D:5      | 4024 ||| INVOKING Heroism.
  4035 | D:5      | 4035 ||| INVOKING Heroism.
  4040 | D:5      | Killed a two-headed ogre
  4146 | D:5      | Found a shadowy altar of Dithmenos.
  4221 | D:5      | Reached XP level 9. HP: 45/54 MP: 10/10
  4255 | D:5      | 4255 ||| Stepping ~*~*~tactically~*~*~ (hiding).
  4269 | D:5      | 4269 ||| Stepping ~*~*~tactically~*~*~ (stealth).
  4277 | D:5      | 4277 ||| Stepping ~*~*~tactically~*~*~ (stealth).
  4278 | D:5      | 4278 ||| Stepping ~*~*~tactically~*~*~ (stealth).
  4409 | D:5      | Reached skill level 3 in Invocations
  4433 | D:5      | Noticed qw's ghost (novice GrCA)
  4478 | D:5      | Found a burning altar of Makhleb.
  4671 | D:5      | 4671 ||| READING scroll labelled QERIZA TIB WYL.
  4672 | D:5      | 4672 ||| READING 5 scrolls of identify.
  4672 | D:5      | 4672 ||| IDENTIFYING viscous purple potion
  4673 | D:5      | 4673 ||| READING 4 scrolls of identify.
  4673 | D:5      | 4673 ||| IDENTIFYING fuming cyan potion
  4674 | D:5      | 4674 ||| READING 3 scrolls of identify.
  4674 | D:5      | 4674 ||| IDENTIFYING green potion
  4675 | D:5      | 4675 ||| READING 2 scrolls of identify.
  4675 | D:5      | 4675 ||| IDENTIFYING blue potion
  4676 | D:5      | 4676 ||| DROPPING potion of berserk rage.
  4704 | D:6      | 4704 ||| PLANNING OSSUARY
  4705 | D:6      | 4705 ||| INVOKING Heroism.
  4800 | D:6      | 4800 ||| Stepping ~*~*~tactically~*~*~ (hiding).
  4801 | D:6      | 4801 ||| INVOKING Heroism.
  4841 | D:6      | Reached skill level 6 in Fighting
  4915 | D:6      | Reached ** piety under Okawaru
  4917 | D:6      | Reached skill level 9 in Axes
  4922 | D:6      | 4922 ||| INVOKING Heroism.
  4970 | D:6      | 4970 ||| Stepping ~*~*~tactically~*~*~ (stealth).
  4988 | D:6      | 4988 ||| Stepping ~*~*~tactically~*~*~ (stealth).
  4990 | D:6      | 4990 ||| Stepping ~*~*~tactically~*~*~ (stealth).
  4991 | D:6      | 4991 ||| Stepping ~*~*~tactically~*~*~ (stealth).
  4992 | D:6      | 4992 ||| INVOKING Heroism.
  4999 | D:6      | 4999 ||| Stepping ~*~*~tactically~*~*~ (hiding).
  5126 | D:6      | 5126 ||| INVOKING Heroism.
  5132 | D:6      | Reached skill level 4 in Armour
  5132 | D:6      | Reached XP level 10. HP: 63/63 MP: 10/13
  5252 | D:6      | Found a sparkling altar of Nemelex Xobeh.
  5328 | D:6      | 5328 ||| RIP OSSUARY
  5359 | D:6      | 5359 ||| PLANNING D:1-11
  5651 | D:6      | 5651 ||| UPGRADING to +0 plate armour.
  5661 | D:6      | 5661 ||| DROPPING +0 chain mail.
  5662 | D:6      | 5662 ||| UPGRADING to +0 pair of gloves.
  5667 | D:6      | 5667 ||| READING scroll labelled DOCUUQELIPT.
  5672 | D:6      | 5672 ||| DRINKING 3 fizzy black potions.
  5710 | D:7      | 5710 ||| INVOKING Heroism.
  5728 | D:7      | 5728 ||| Stepping ~*~*~tactically~*~*~ (stealth).
  5731 | D:7      | Reached skill level 5 in Armour
  5731 | D:7      | 5731 ||| Stepping ~*~*~tactically~*~*~ (hiding).
  5732 | D:7      | 5732 ||| Stepping ~*~*~tactically~*~*~ (hiding).
  5820 | D:7      | Identified the +5 flail of the Badger {flame, rF+ rN++
                  | Str+3 Int-2}
  5822 | D:7      | 5822 ||| DROPPING +0 flail.
  5831 | D:7      | 5831 ||| INVOKING Heroism.
  5927 | D:7      | 5927 ||| Stepping ~*~*~tactically~*~*~ (hiding).
  5928 | D:7      | 5928 ||| Stepping ~*~*~tactically~*~*~ (hiding).
  5978 | D:7      | 5978 ||| Stepping ~*~*~tactically~*~*~ (stealth).
  5979 | D:7      | 5979 ||| Stepping ~*~*~tactically~*~*~ (stealth).
  6177 | D:7      | 6177 ||| Stepping ~*~*~tactically~*~*~ (hiding).
  6421 | D:7      | Reached skill level 6 in Armour
  6758 | D:7      | 6758 ||| READING scroll labelled SALUOTHR YDIFOCW.
  6759 | D:7      | 6759 ||| READING scroll labelled CIEXTI TOISUAG.
  6759 | D:7      | Identified a scroll of acquirement
  6759 | D:7      | 6759 ||| ACQUIRING +6 broad axe of electrocution
  6759 | D:7      | Acquired a +6 broad axe of electrocution
  6761 | D:7      | 6761 ||| SWAPPING to +6 broad axe of electrocution.
  6762 | D:7      | 6762 ||| DROPPING +0 war axe of venom.
  6763 | D:7      | 6763 ||| READING 2 scrolls labelled OTODOSCHIBOKH.
  6764 | D:7      | 6764 ||| READING scroll of enchant weapon.
  6764 | D:7      | 6764 ||| ENCHANTING +7 broad axe of electrocution.
  6765 | D:7      | 6765 ||| READING 3 scrolls of identify.
  6765 | D:7      | 6765 ||| IDENTIFYING white potion
  6845 | D:8      | 6845 ||| READING scroll of enchant weapon.
  6845 | D:8      | 6845 ||| ENCHANTING +8 broad axe of electrocution.
  6909 | D:8      | 6909 ||| Stepping ~*~*~tactically~*~*~ (stealth).
  7019 | D:8      | 7019 ||| Stepping ~*~*~tactically~*~*~ (stealth).
  7037 | D:8      | Reached *** piety under Okawaru
  7190 | D:8      | 7190 ||| Stepping ~*~*~tactically~*~*~ (hiding).
  7191 | D:8      | 7191 ||| Stepping ~*~*~tactically~*~*~ (hiding).
  7192 | D:8      | 7192 ||| Stepping ~*~*~tactically~*~*~ (hiding).
  7194 | D:8      | 7194 ||| Stepping ~*~*~tactically~*~*~ (hiding).
  7195 | D:8      | 7195 ||| Stepping ~*~*~tactically~*~*~ (hiding).
  7242 | D:8      | 7242 ||| Stepping ~*~*~tactically~*~*~ (stealth).
  7244 | D:8      | Found a broken altar of Ashenzari.
  7253 | D:8      | 7253 ||| Stepping ~*~*~tactically~*~*~ (stealth).
  7257 | D:8      | 7257 ||| DRINKING 2 potions of curing.
  7257 | D:8      | 7257 ||| (to cure confusion)
  7292 | D:8      | 7292 ||| Stepping ~*~*~tactically~*~*~ (stealth).
  7294 | D:8      | 7294 ||| Stepping ~*~*~tactically~*~*~ (hiding).
  7297 | D:8      | 7297 ||| Stepping ~*~*~tactically~*~*~ (hiding).
  7298 | D:8      | 7298 ||| Stepping ~*~*~tactically~*~*~ (hiding).
  7299 | D:8      | 7299 ||| Stepping ~*~*~tactically~*~*~ (hiding).
  7422 | D:8      | 7422 ||| Stepping ~*~*~tactically~*~*~ (stealth).
  7425 | D:8      | 7425 ||| Stepping ~*~*~tactically~*~*~ (hiding).
  7426 | D:8      | 7426 ||| Stepping ~*~*~tactically~*~*~ (hiding).
  7427 | D:8      | 7427 ||| Stepping ~*~*~tactically~*~*~ (hiding).
  7428 | D:8      | 7428 ||| Stepping ~*~*~tactically~*~*~ (hiding).
  7430 | D:8      | 7430 ||| INVOKING Heroism.
  7670 | D:8      | Found a glowing silver altar of Zin.
  8159 | D:9      | Reached **** piety under Okawaru
  8160 | D:9      | Reached XP level 11. HP: 61/68 MP: 14/14
  8215 | D:9      | 8215 ||| READING scroll of enchant armour.
  8215 | D:9      | 8215 ||| ENCHANTING +0 pair of gloves.
  8288 | D:9      | Found Disodud's Weapon Boutique.
  8315 | D:9      | 8315 ||| Stepping ~*~*~tactically~*~*~ (hiding).
  8316 | D:9      | 8316 ||| Stepping ~*~*~tactically~*~*~ (hiding).
  8318 | D:9      | 8318 ||| INVOKING Heroism.
  8383 | D:9      | 8383 ||| Stepping ~*~*~tactically~*~*~ (hiding).
  8388 | D:9      | 8388 ||| INVOKING Heroism.
  8417 | D:9      | 8417 ||| INVOKING Heroism.
  8437 | D:9      | 8437 ||| Stepping ~*~*~tactically~*~*~ (stealth).
  8440 | D:9      | 8440 ||| INVOKING Heroism.
  8447 | D:9      | Reached skill level 7 in Armour
  8468 | D:9      | Found a staircase to the Orcish Mines.
  8507 | D:9      | Found a staircase to the Lair.
  8508 | D:9      | 8508 ||| INVOKING Heroism.
  8625 | D:9      | 8625 ||| Stepping ~*~*~tactically~*~*~ (hiding).
  8736 | D:9      | 8736 ||| PLANNING LAIR
  8736 | D:9      | 8736 ||| READING 5 scrolls of identify.
  8736 | D:9      | 8736 ||| IDENTIFYING brown potion
  8737 | D:9      | 8737 ||| READING 4 scrolls of identify.
  8737 | D:9      | 8737 ||| IDENTIFYING fuming blue potion
  8738 | D:9      | 8738 ||| DROPPING potion of ambrosia.
  8768 | Lair:1   | Entered Level 1 of the Lair of Beasts
  8798 | Lair:1   | 8798 ||| INVOKING Heroism.
  8818 | Lair:1   | Found a runed translucent gate.
  8818 | Lair:1   | Found a runed translucent gate.
  8818 | Lair:1   | Found a runed translucent gate.
  8818 | Lair:1   | Noticed qw's ghost (journeyman GrCA)
  8842 | Lair:1   | Reached skill level 9 in Fighting
  8929 | Lair:1   | 8929 ||| Stepping ~*~*~tactically~*~*~ (stealth).
  8931 | Lair:1   | 8931 ||| INVOKING Heroism.
  8935 | Lair:1   | 8935 ||| Stepping ~*~*~tactically~*~*~ (stealth).
  8936 | Lair:1   | 8936 ||| Stepping ~*~*~tactically~*~*~ (stealth).
  8957 | Lair:1   | 8957 ||| INVOKING Heroism.
  9085 | Lair:1   | 9085 ||| INVOKING Heroism.
  9105 | Lair:1   | Reached skill level 6 in Invocations
  9111 | Lair:1   | 9111 ||| INVOKING Heroism.
  9298 | Lair:1   | 9298 ||| INVOKING Heroism.
  9846 | Lair:1   | Found a viscous altar of Jiyva.
  9934 | Lair:1   | 9934 ||| UPGRADING to +1 hat of willpower.
  9939 | Lair:1   | 9939 ||| DROPPING +6 ring of intelligence.
 10122 | Lair:2   | 10122 ||| INVOKING Heroism.
 10131 | Lair:2   | Reached skill level 12 in Axes
 10131 | Lair:2   | 10131 ||| READING scroll of enchant armour.
 10131 | Lair:2   | 10131 ||| ENCHANTING +1 pair of gloves.
 10165 | Lair:2   | 10165 ||| INVOKING Heroism.
 10200 | Lair:2   | 10200 ||| INVOKING Heroism.
 10208 | Lair:2   | Reached XP level 12. HP: 51/76 MP: 15/17
 10371 | Lair:2   | 10371 ||| Stepping ~*~*~tactically~*~*~ (stealth).
 10372 | Lair:2   | 10372 ||| Stepping ~*~*~tactically~*~*~ (stealth).
 10519 | Lair:2   | Noticed Maggie
 10525 | Lair:2   | Killed Maggie
 10583 | Lair:2   | Found a stormy altar of Qazlal.
 10649 | Lair:2   | 10649 ||| Stepping ~*~*~tactically~*~*~ (stealth).
 10658 | Lair:2   | 10658 ||| Stepping ~*~*~tactically~*~*~ (stealth).
 10907 | Lair:3   | 10907 ||| READING scroll of enchant armour.
 10907 | Lair:3   | 10907 ||| ENCHANTING +1 hat of willpower.
 10913 | Lair:3   | 10913 ||| Stepping ~*~*~tactically~*~*~ (stealth).
 10917 | Lair:3   | 10917 ||| INVOKING Heroism.
 10925 | Lair:3   | Reached skill level 8 in Armour
 10932 | Lair:3   | HP: 14/76 [elephant (9)]
 10933 | Lair:3   | 10933 ||| READING 3 scrolls of teleportation.
 10934 | Lair:3   | 10934 ||| DRINKING potion of heal wounds.
 11092 | Lair:3   | Reached skill level 6 in Shields
 11171 | Lair:3   | Noticed a seven-headed hydra
 11172 | Lair:3   | 11172 ||| Stepping ~*~*~tactically~*~*~ (stealth).
 11174 | Lair:3   | 11174 ||| INVOKING Heroism.
 11176 | Lair:3   | 11176 ||| SWAPPING to +5 flail of the Badger {flame, rF+
                  | rN++ Str+3 Int-2}.
 11188 | Lair:3   | Killed a seven-headed hydra
 11189 | Lair:3   | 11189 ||| SWAPPING to +9 broad axe of electrocution.
 11191 | Lair:3   | HP: 19/76 [komodo dragon (7)]
 11192 | Lair:3   | 11192 ||| READING 2 scrolls of teleportation.
 11400 | Lair:3   | Found a staircase to the Shoals.
 11411 | Lair:3   | Noticed a death yak
 11412 | Lair:3   | 11412 ||| INVOKING Heroism.
 11420 | Lair:3   | Noticed a death yak
 11422 | Lair:3   | Killed a death yak
 11423 | Lair:3   | Reached skill level 9 in Invocations
 11423 | Lair:3   | 11423 ||| Stepping ~*~*~tactically~*~*~ (stealth).
 11432 | Lair:3   | 11432 ||| Stepping ~*~*~tactically~*~*~ (stealth).
 11437 | Lair:3   | Killed a death yak
 11440 | Lair:3   | Reached ***** piety under Okawaru
 11465 | Lair:3   | 11465 ||| INVOKING Heroism.
 11599 | Lair:3   | 11599 ||| READING scroll of acquirement.
 11599 | Lair:3   | 11599 ||| ACQUIRING +0 helmet "Pomuint" {rN+ Str+2 Dex+3}
 11599 | Lair:3   | Acquired the +0 helmet "Pomuint" {rN+ Str+2 Dex+3}
 11601 | Lair:3   | 11601 ||| UPGRADING to +0 helmet "Pomuint" {rN+ Str+2
                  | Dex+3}.
 11611 | Lair:3   | 11611 ||| DROPPING +2 hat of willpower.
 11612 | Lair:3   | 11612 ||| DROPPING +2 hat.
 11620 | Lair:3   | 11620 ||| Stepping ~*~*~tactically~*~*~ (stealth).
 11623 | Lair:3   | 11623 ||| INVOKING Heroism.
 11643 | Lair:3   | Received a gift from Okawaru
 11663 | Lair:3   | Noticed a seven-headed hydra
 11668 | Lair:3   | 11668 ||| Stepping ~*~*~tactically~*~*~ (stealth).
 11672 | Lair:3   | 11672 ||| SWAPPING to +5 flail of the Badger {flame, rF+
                  | rN++ Str+3 Int-2}.
 11679 | Lair:3   | Killed a seven-headed hydra
 11680 | Lair:3   | 11680 ||| SWAPPING to +9 broad axe of electrocution.
 11844 | Lair:3   | Found a staircase to the Snake Pit.
 11957 | Lair:3   | 11957 ||| Stepping ~*~*~tactically~*~*~ (stealth).
 11962 | Lair:3   | Reached skill level 9 in Armour
 12302 | Lair:3   | 12302 ||| DROPPING ring of positive energy.
 12303 | Lair:3   | 12303 ||| UPGRADING to +6 ring of strength.
 12305 | Lair:3   | 12305 ||| READING 2 scrolls labelled NUSORIJ KINEN.
 12306 | Lair:3   | 12306 ||| DROPPING scroll of vulnerability.
 12400 | Lair:4   | Reached skill level 3 in Dodging
 12508 | Lair:4   | Reached XP level 13. HP: 82/82 MP: 20/20
 12619 | Lair:4   | 12619 ||| Stepping ~*~*~tactically~*~*~ (stealth).
 12638 | Lair:4   | 12638 ||| Stepping ~*~*~tactically~*~*~ (stealth).
 12808 | Lair:4   | 12808 ||| Stepping ~*~*~tactically~*~*~ (stealth).
 12809 | Lair:4   | 12809 ||| INVOKING Heroism.
 12810 | Lair:4   | 12810 ||| INVOKING Finesse.
 12841 | Lair:4   | Identified the +5 executioner's axe "Dythus" {antimagic,
                  | rPois Str+2} (Okawaru gifted it to you on level 4 of the
                  | Lair of Beasts)
 12841 | Lair:4   | Received a gift from Okawaru
 13293 | Lair:4   | 13293 ||| DRINKING 2 sedimented silvery potions.
 13294 | Lair:4   | 13294 ||| DROPPING potion of invisibility.
 13318 | Lair:5   | Entered Level 5 of the Lair of Beasts
 13345 | Lair:5   | 13345 ||| Stepping ~*~*~tactically~*~*~ (hiding).
 13347 | Lair:5   | 13347 ||| Stepping ~*~*~tactically~*~*~ (cloud).
 13349 | Lair:5   | 13349 ||| Stepping ~*~*~tactically~*~*~ (cloud).
 13416 | Lair:5   | 13416 ||| INVOKING Heroism.
 13440 | Lair:5   | 13440 ||| Stepping ~*~*~tactically~*~*~ (stealth).
 13442 | Lair:5   | 13442 ||| Stepping ~*~*~tactically~*~*~ (stealth).
 13500 | Lair:5   | 13500 ||| Stepping ~*~*~tactically~*~*~ (stealth).
 13537 | Lair:5   | 13537 ||| Stepping ~*~*~tactically~*~*~ (stealth).
 13539 | Lair:5   | 13539 ||| Stepping ~*~*~tactically~*~*~ (stealth).
 13649 | Lair:5   | 13649 ||| INVOKING Heroism.
 13650 | Lair:5   | 13650 ||| INVOKING Finesse.
 13903 | Lair:5   | 13903 ||| INVOKING Heroism.
 13904 | Lair:5   | 13904 ||| INVOKING Finesse.
 13905 | Lair:5   | 13905 ||| Stepping ~*~*~tactically~*~*~ (stealth).
 13911 | Lair:5   | 13911 ||| SWAPPING to +5 flail of the Badger {flame, rF+
                  | rN++ Str+3 Int-2}.
 13917 | Lair:5   | 13917 ||| SWAPPING to +9 broad axe of electrocution.
 13953 | Lair:5   | Found a staircase to the Slime Pits.
 14062 | Lair:5   | Identified the +4 executioner's axe of Okawaru's
                  | Benevolence {flame, Fragile Fly Dex+4 SInv Stlth+} (Okawaru
                  | gifted it to you on level 5 of the Lair of Beasts)
 14062 | Lair:5   | Received a gift from Okawaru
 14165 | Lair:5   | Noticed a dire elephant
 14165 | Lair:5   | Noticed a dire elephant
 14173 | Lair:5   | 14173 ||| INVOKING Heroism.
 14177 | Lair:5   | Reached skill level 10 in Armour
 14294 | Lair:5   | Noticed a dire elephant
 14295 | Lair:5   | 14295 ||| INVOKING Heroism.
 14305 | Lair:5   | Killed a dire elephant
 14367 | Lair:5   | Noticed a dire elephant
 14368 | Lair:5   | 14368 ||| INVOKING Heroism.
 14370 | Lair:5   | 14370 ||| Stepping ~*~*~tactically~*~*~ (stealth).
 14375 | Lair:5   | 14375 ||| Stepping ~*~*~tactically~*~*~ (stealth).
 14382 | Lair:5   | Killed a dire elephant
 14414 | Lair:5   | 14414 ||| Stepping ~*~*~tactically~*~*~ (stealth).
 14417 | Lair:5   | 14417 ||| Stepping ~*~*~tactically~*~*~ (stealth).
 14434 | Lair:5   | 14434 ||| INVOKING Heroism.
 14435 | Lair:5   | 14435 ||| INVOKING Finesse.
 14448 | Lair:5   | Gained mutation: Your large and strong wings let you fly.
                  | [Gargoyle growth]
 14448 | Lair:5   | Reached XP level 14. HP: 90/90 MP: 14/21
 14547 | Lair:5   | Reached skill level 15 in Axes
 14605 | Lair:5   | 14605 ||| INVOKING Heroism.
 14606 | Lair:5   | 14606 ||| INVOKING Finesse.
 14661 | Lair:5   | Identified the +2 executioner's axe of Okawaru, Summoning
                  | {freeze, +Blink rC+ rN+ Int+4} (Okawaru gifted it to you on
                  | level 5 of the Lair of Beasts)
 14661 | Lair:5   | Received a gift from Okawaru
 14936 | Lair:5   | 14936 ||| Stepping ~*~*~tactically~*~*~ (hiding).
 14939 | Lair:5   | 14939 ||| INVOKING Heroism.
 15003 | Lair:5   | 15003 ||| INVOKING Heroism.
 15009 | Lair:5   | Killed a dire elephant
 15015 | Lair:5   | 15015 ||| Stepping ~*~*~tactically~*~*~ (cloud).
 15018 | Lair:5   | Killed a dire elephant
 15024 | Lair:5   | Reached skill level 12 in Fighting
 15069 | Lair:5   | Identified the +5 plate armour of Vosyczuh {-Tele rN+++
                  | SInv}
 15166 | Lair:5   | 15166 ||| PLANNING D:1-11
 15281 | D:10     | Entered Level 10 of the Dungeon
 15352 | D:10     | 15352 ||| READING scroll of enchant armour.
 15352 | D:10     | 15352 ||| ENCHANTING +0 plate armour.
 15433 | D:10     | 15433 ||| Stepping ~*~*~tactically~*~*~ (hiding).
 15434 | D:10     | 15434 ||| Stepping ~*~*~tactically~*~*~ (hiding).
 15839 | D:10     | 15839 ||| READING scroll of acquirement.
 15839 | D:10     | 15839 ||| ACQUIRING +0 war axe of flaming
 15839 | D:10     | Acquired a +0 war axe of flaming
 15841 | D:10     | 15841 ||| DROPPING +5 flail of the Badger {flame, rF+ rN++
                  | Str+3 Int-2}.
 15995 | D:10     | 15995 ||| Stepping ~*~*~tactically~*~*~ (hiding).
 16146 | D:10     | 16146 ||| Stepping ~*~*~tactically~*~*~ (stealth).
 16268 | D:10     | Found a shimmering altar of Xom.
 16515 | D:10     | 16515 ||| Stepping ~*~*~tactically~*~*~ (stealth).
 16619 | D:10     | 16619 ||| DROPPING +2 chain mail of willpower.
 16676 | D:11     | 16676 ||| INVOKING Heroism.
 16687 | D:11     | 16687 ||| Stepping ~*~*~tactically~*~*~ (stealth).
 16693 | D:11     | 16693 ||| STAIRDANCE
 16831 | D:11     | 16831 ||| READING scroll of enchant armour.
 16831 | D:11     | 16831 ||| ENCHANTING +1 plate armour.
 17056 | D:11     | 17056 ||| READING scroll of acquirement.
 17056 | D:11     | 17056 ||| ACQUIRING +6 plate armour of the Raven {Harm
                  | Drain rCorr}
 17056 | D:11     | Acquired the +6 plate armour of the Raven {Harm Drain
                  | rCorr}
 17058 | D:11     | 17058 ||| DROPPING +0 acid dragon scales.
 17131 | D:11     | 17131 ||| PLANNING D
 17165 | D:12     | 17165 ||| INVOKING Heroism.
 17168 | D:12     | 17168 ||| Stepping ~*~*~tactically~*~*~ (stealth).
 17198 | D:12     | 17198 ||| Stepping ~*~*~tactically~*~*~ (hiding).
 17216 | D:12     | 17216 ||| Stepping ~*~*~tactically~*~*~ (stealth).
 17259 | D:12     | 17259 ||| Stepping ~*~*~tactically~*~*~ (stealth).
 17260 | D:12     | 17260 ||| Stepping ~*~*~tactically~*~*~ (stealth).
 17271 | D:12     | 17271 ||| Stepping ~*~*~tactically~*~*~ (hiding).
 17277 | D:12     | 17277 ||| Stepping ~*~*~tactically~*~*~ (hiding).
 17283 | D:12     | Received a gift from Okawaru
 17317 | D:12     | Found a runed translucent gate.
 17318 | D:12     | Found a runed translucent gate.
 17319 | D:12     | Found a runed translucent gate.
 17322 | D:12     | Found Caiwk's Self-Improvement Boutique.
 17355 | D:12     | Noticed qw's ghost (journeyman GrCA)
 17365 | D:12     | 17365 ||| Stepping ~*~*~tactically~*~*~ (hiding).
 17367 | D:12     | 17367 ||| INVOKING Heroism.
 17698 | D:12     | 17698 ||| READING scroll of enchant armour.
 17698 | D:12     | 17698 ||| ENCHANTING +2 plate armour.
 17857 | D:12     | 17857 ||| Stepping ~*~*~tactically~*~*~ (hiding).
 17859 | D:12     | 17859 ||| Stepping ~*~*~tactically~*~*~ (hiding).
 17962 | D:13     | 17962 ||| PLANNING GAUNTLET
 17972 | D:13     | Received a gift from Okawaru
 18012 | D:13     | Found a gate leading to a gauntlet.
 18021 | D:13     | 18021 ||| Stepping ~*~*~tactically~*~*~ (hiding).
 18024 | D:13     | 18024 ||| INVOKING Heroism.
 18034 | D:13     | 18034 ||| Stepping randomly (disturbance).
 18039 | D:13     | 18039 ||| Stepping ~*~*~tactically~*~*~ (stealth).
 18040 | D:13     | 18040 ||| Stepping ~*~*~tactically~*~*~ (stealth).
 18042 | D:13     | 18042 ||| Stepping ~*~*~tactically~*~*~ (stealth).
 18043 | D:13     | 18043 ||| Stepping ~*~*~tactically~*~*~ (stealth).
 18044 | D:13     | 18044 ||| Stepping ~*~*~tactically~*~*~ (stealth).
 18045 | D:13     | 18045 ||| Stepping ~*~*~tactically~*~*~ (stealth).
 18046 | D:13     | 18046 ||| Stepping ~*~*~tactically~*~*~ (stealth).
 18047 | D:13     | 18047 ||| Stepping ~*~*~tactically~*~*~ (stealth).
 18153 | Gauntlet | Entered a Gauntlet
 18153 | Gauntlet | Found a transporter.
 18153 | Gauntlet | Found a transporter.
 18153 | Gauntlet | Found a runed translucent door.
 18153 | Gauntlet | Found a runed translucent door.
 18164 | Gauntlet | Found a transporter.
 18168 | Gauntlet | Found a transporter.
 18176 | Gauntlet | Found a transporter.
 18180 | Gauntlet | Found a transporter.
 18187 | Gauntlet | Noticed a dire elephant
 18188 | Gauntlet | Found a transporter.
 18207 | Gauntlet | Found a transporter.
 18224 | Gauntlet | Found a transporter.
 18228 | Gauntlet | Found a transporter.
 18240 | Gauntlet | Found a transporter.
 18241 | Gauntlet | Found a transporter.
 18311 | Gauntlet | 18311 ||| DROPPING ring of wizardry.
 18359 | Gauntlet | 18359 ||| INVOKING Heroism.
 18362 | Gauntlet | Reached XP level 15. HP: 96/96 MP: 19/22
 18363 | Gauntlet | Identified the ring of Wausean {Fly rCorr MP+9}
 18374 | Gauntlet | Reached skill level 11 in Armour
 18435 | Gauntlet | Identified the ring "Wenetu" {rC+ Int+3 Stlth-}
 18436 | Gauntlet | 18436 ||| INVOKING Heroism.
 18508 | Gauntlet | 18508 ||| UPGRADING to +2 kite shield of cold resistance.
 18518 | Gauntlet | 18518 ||| DROPPING +0 buckler.
 18519 | Gauntlet | 18519 ||| DROPPING +0 hat of stealth.
 18520 | Gauntlet | 18520 ||| DROPPING +2 hat of willpower.
 18521 | Gauntlet | 18521 ||| DROPPING ring of willpower.
 18537 | D:13     | 18537 ||| PLANNING D
 18618 | D:13     | 18618 ||| Stepping ~*~*~tactically~*~*~ (stealth).
 18625 | D:13     | 18625 ||| Stepping ~*~*~tactically~*~*~ (stealth).
 18634 | D:13     | 18634 ||| Stepping ~*~*~tactically~*~*~ (stealth).
 18636 | D:13     | 18636 ||| Stepping ~*~*~tactically~*~*~ (stealth).
 18791 | D:13     | Reached skill level 9 in Shields
 18904 | D:13     | 18904 ||| UPGRADING to +4 ring of slaying {mikee}.
 18906 | D:13     | 18906 ||| DROPPING +6 ring of strength.
 18932 | D:14     | Noticed Urug
 18932 | D:14     | Noticed Rupert
 18932 | D:14     | Found a gate to the Vaults.
 18937 | D:14     | 18937 ||| INVOKING Finesse.
 18940 | D:14     | 18940 ||| INVOKING Heroism.
 19033 | D:14     | 19033 ||| Stepping ~*~*~tactically~*~*~ (hiding).
 19164 | D:14     | 19164 ||| Stepping ~*~*~tactically~*~*~ (stealth).
 19166 | D:14     | 19166 ||| INVOKING Heroism.
 19167 | D:14     | 19167 ||| INVOKING Finesse.
 19173 | D:14     | Paralysed by Rupert for 5 turns
 19184 | D:14     | Killed Rupert
 19184 | D:14     | Received a gift from Okawaru
 19208 | D:14     | 19208 ||| Stepping ~*~*~tactically~*~*~ (stealth).
 19220 | D:14     | 19220 ||| Stepping ~*~*~tactically~*~*~ (stealth).
 19244 | D:14     | 19244 ||| INVOKING Heroism.
 19251 | D:14     | 19251 ||| INVOKING Finesse.
 19258 | D:14     | Killed Urug
 19422 | D:14     | 19422 ||| Stepping ~*~*~tactically~*~*~ (stealth).
 19538 | D:14     | 19538 ||| INVOKING Heroism.
 19637 | D:14     | 19637 ||| Stepping ~*~*~tactically~*~*~ (stealth).
 19639 | D:14     | 19639 ||| INVOKING Heroism.
 19675 | D:14     | Reached skill level 12 in Shields
 20104 | D:14     | 20104 ||| DROPPING scarf of invisibility.
 20105 | D:14     | 20105 ||| UPGRADING to +0 pair of boots.
 20133 | D:15     | Entered Level 15 of the Dungeon
 20134 | D:15     | 20134 ||| INVOKING Heroism.
 20152 | D:15     | Found a staircase to the Depths.
 20413 | D:15     | 20413 ||| Stepping ~*~*~tactically~*~*~ (stealth).
 20414 | D:15     | 20414 ||| Stepping ~*~*~tactically~*~*~ (stealth).
 20624 | D:15     | 20624 ||| Stepping ~*~*~tactically~*~*~ (hiding).
 20626 | D:15     | 20626 ||| Stepping ~*~*~tactically~*~*~ (hiding).
 20628 | D:15     | 20628 ||| Stepping ~*~*~tactically~*~*~ (hiding).
 20629 | D:15     | 20629 ||| INVOKING Heroism.
 20724 | D:15     | Found a portal to a secret trove of treasure.
 20742 | D:15     | Found a runed translucent door.
 20742 | D:15     | Noticed Waecyras's ghost (adept KoGl)
 21104 | D:15     | 21104 ||| PLANNING ORC
 21104 | D:15     | 21104 ||| UPGRADING to +5 ring of evasion.
 21106 | D:15     | 21106 ||| DROPPING +4 ring of protection.
 21254 | Orc:1    | Entered Level 1 of the Orcish Mines
 21255 | Orc:1    | 21255 ||| Stepping ~*~*~tactically~*~*~ (hiding).
 21256 | Orc:1    | 21256 ||| Stepping ~*~*~tactically~*~*~ (hiding).
 21263 | Orc:1    | 21263 ||| INVOKING Heroism.
 21457 | Orc:1    | 21457 ||| Stepping ~*~*~tactically~*~*~ (stealth).
 21458 | Orc:1    | 21458 ||| Stepping ~*~*~tactically~*~*~ (stealth).
 21459 | Orc:1    | 21459 ||| Stepping ~*~*~tactically~*~*~ (stealth).
 21460 | Orc:1    | 21460 ||| Stepping ~*~*~tactically~*~*~ (stealth).
 21489 | Orc:1    | 21489 ||| Stepping ~*~*~tactically~*~*~ (hiding).
 21607 | Orc:1    | 21607 ||| Stepping ~*~*~tactically~*~*~ (hiding).
 21616 | Orc:1    | 21616 ||| Stepping ~*~*~tactically~*~*~ (hiding).
 21902 | Orc:2    | Entered Level 2 of the Orcish Mines
 21929 | Orc:2    | Noticed an orc warlord
 21929 | Orc:2    | 21929 ||| INVOKING Heroism.
 21943 | Orc:2    | Killed an orc warlord
 22018 | Orc:2    | 22018 ||| DROPPING +0 war axe of flaming.
 22054 | Orc:2    | Found a staircase to the Elven Halls.
 22117 | Orc:2    | 22117 ||| Stepping ~*~*~tactically~*~*~ (hiding).
 22119 | Orc:2    | 22119 ||| Stepping ~*~*~tactically~*~*~ (hiding).
 22120 | Orc:2    | 22120 ||| Stepping ~*~*~tactically~*~*~ (hiding).
 22121 | Orc:2    | 22121 ||| INVOKING Heroism.
 22476 | Orc:2    | Found Ukye's Book Boutique.
 22571 | Orc:2    | 22571 ||| INVOKING Heroism.
 22607 | Orc:2    | Reached skill level 12 in Armour
 22782 | Orc:2    | Noticed an orc warlord
 22783 | Orc:2    | 22783 ||| INVOKING Heroism.
 22806 | Orc:2    | Killed an orc warlord
 22814 | Orc:2    | 22814 ||| Stepping ~*~*~tactically~*~*~ (stealth).
 22815 | Orc:2    | 22815 ||| Stepping ~*~*~tactically~*~*~ (stealth).
 22816 | Orc:2    | 22816 ||| Stepping ~*~*~tactically~*~*~ (stealth).
 22817 | Orc:2    | 22817 ||| Stepping ~*~*~tactically~*~*~ (stealth).
 22888 | Orc:2    | Reached XP level 16. HP: 88/101 MP: 23/23
 23091 | Orc:2    | Found Fiemm's Antique Armour Shoppe.
 23093 | Orc:2    | Found Paboh's Antique Weapon Emporium.
 23100 | Orc:2    | 23100 ||| BUYING glowing chain mail (232 gold).
 23100 | Orc:2    | Bought a glowing chain mail for 232 gold pieces
 23271 | Orc:2    | Found Juxkuvoda's Distillery.
 23276 | Orc:2    | 23276 ||| BUYING potion of curing (51 gold).
 23276 | Orc:2    | Bought a potion of curing for 51 gold pieces
 23276 | Orc:2    | 23276 ||| BUYING potion of haste (170 gold).
 23276 | Orc:2    | Bought a potion of haste for 170 gold pieces
 23276 | Orc:2    | 23276 ||| BUYING potion of haste (170 gold).
 23276 | Orc:2    | Bought a potion of haste for 170 gold pieces
 23276 | Orc:2    | 23276 ||| BUYING potion of heal wounds (85 gold).
 23276 | Orc:2    | Bought a potion of heal wounds for 85 gold pieces
 23276 | Orc:2    | 23276 ||| BUYING potion of lignification (51 gold).
 23276 | Orc:2    | Bought a potion of lignification for 51 gold pieces
 23292 | Orc:2    | 23292 ||| PLANNING SNAKE:1-3
 23292 | Orc:2    | 23292 ||| DROPPING +1 chain mail of poison resistance.
 23442 | Snake:1  | Entered Level 1 of the Snake Pit
 23451 | Snake:1  | 23451 ||| Stepping ~*~*~tactically~*~*~ (hiding).
 23455 | Snake:1  | 23455 ||| INVOKING Heroism.
 23471 | Snake:1  | 23471 ||| Stepping ~*~*~tactically~*~*~ (hiding).
 23498 | Snake:1  | 23498 ||| Stepping ~*~*~tactically~*~*~ (hiding).
 23608 | Snake:1  | 23608 ||| Stepping ~*~*~tactically~*~*~ (hiding).
 23623 | Snake:1  | Received a gift from Okawaru
 23778 | Snake:1  | 23778 ||| Stepping ~*~*~tactically~*~*~ (stealth).
 23830 | Snake:1  | 23830 ||| Stepping ~*~*~tactically~*~*~ (hiding).
 23831 | Snake:1  | 23831 ||| Stepping ~*~*~tactically~*~*~ (hiding).
 23833 | Snake:1  | 23833 ||| Stepping ~*~*~tactically~*~*~ (hiding).
 23835 | Snake:1  | 23835 ||| Stepping ~*~*~tactically~*~*~ (hiding).
 24011 | Snake:1  | 24011 ||| Stepping ~*~*~tactically~*~*~ (hiding).
 24012 | Snake:1  | 24012 ||| Stepping ~*~*~tactically~*~*~ (hiding).
 24233 | Snake:1  | 24233 ||| INVOKING Heroism.
 24273 | Snake:1  | 24273 ||| UPGRADING to scarf of resistance.
 24299 | Snake:2  | Noticed a nagaraja
 24300 | Snake:2  | 24300 ||| INVOKING Heroism.
 24315 | Snake:2  | Killed a nagaraja
 24441 | Snake:2  | Noticed a nagaraja
 24442 | Snake:2  | 24442 ||| INVOKING Heroism.
 24447 | Snake:2  | Killed a nagaraja
 24447 | Snake:2  | Identified the +8 hand axe "Fyffienu" {venom, rCorr}
                  | (Okawaru gifted it to you on level 2 of the Snake Pit)
 24447 | Snake:2  | Received a gift from Okawaru
 24448 | Snake:2  | Reached skill level 6 in Throwing
 24526 | Snake:2  | 24526 ||| Stepping ~*~*~tactically~*~*~ (hiding).
 24527 | Snake:2  | 24527 ||| Stepping ~*~*~tactically~*~*~ (hiding).
 24955 | Snake:2  | 24955 ||| INVOKING Heroism.
 25115 | Snake:2  | Found Vuinkir's Jewellery Shop.
 25115 | Snake:2  | Found Isiudd's Book Emporium.
 25120 | Snake:2  | Found Redwumy's Book Emporium.
 25128 | Snake:2  | 25128 ||| BUYING ring of fire (475 gold).
 25128 | Snake:2  | Bought a ring of fire for 475 gold pieces
 25283 | Snake:3  | 25283 ||| STAIRDANCE
 25333 | Snake:3  | 25333 ||| INVOKING Heroism.
 25339 | Snake:3  | HP: 24/104 [salamander/+0 glaive (7)]
 25340 | Snake:3  | 25340 ||| READING 5 scrolls of teleportation.
 25340 | Snake:3  | HP: 5/104 [salamander/+0 glaive (7)]
 25341 | Snake:3  | 25341 ||| DRINKING 5 potions of heal wounds.
 25342 | Snake:3  | 25342 ||| DRINKING 4 potions of heal wounds.
 25486 | Snake:3  | 25486 ||| Stepping ~*~*~tactically~*~*~ (hiding).
 25580 | Snake:3  | Noticed a nagaraja
 25581 | Snake:3  | 25581 ||| Stepping ~*~*~tactically~*~*~ (hiding).
 25584 | Snake:3  | 25584 ||| INVOKING Heroism.
 25590 | Snake:3  | Killed a nagaraja
 25647 | Snake:3  | 25647 ||| Stepping ~*~*~tactically~*~*~ (stealth).
 25676 | Snake:3  | 25676 ||| Stepping ~*~*~tactically~*~*~ (stealth).
 25728 | Snake:3  | 25728 ||| Stepping ~*~*~tactically~*~*~ (hiding).
 25761 | Snake:3  | 25761 ||| Stepping ~*~*~tactically~*~*~ (stealth).
 25821 | Snake:3  | 25821 ||| Stepping ~*~*~tactically~*~*~ (hiding).
 25843 | Snake:3  | 25843 ||| Stepping ~*~*~tactically~*~*~ (hiding).
 25847 | Snake:3  | 25847 ||| Stepping ~*~*~tactically~*~*~ (hiding).
 25858 | Snake:3  | 25858 ||| Stepping ~*~*~tactically~*~*~ (hiding).
 25959 | Snake:3  | 25959 ||| Stepping ~*~*~tactically~*~*~ (stealth).
 25963 | Snake:3  | Reached skill level 18 in Axes
 25963 | Snake:3  | 25963 ||| Stepping ~*~*~tactically~*~*~ (hiding).
 25975 | Snake:3  | Noticed Bai Suzhen
 25976 | Snake:3  | 25976 ||| INVOKING Heroism.
 25977 | Snake:3  | 25977 ||| INVOKING Finesse.
 25982 | Snake:3  | 25982 ||| Stepping ~*~*~tactically~*~*~ (hiding).
 26001 | Snake:3  | Killed Bai Suzhen
 26002 | Snake:3  | Reached XP level 17. HP: 38/108 MP: 18/24
 26004 | Snake:3  | 26004 ||| Stepping ~*~*~tactically~*~*~ (cloud).
 26051 | Snake:3  | 26051 ||| Stepping ~*~*~tactically~*~*~ (stealth).
 26053 | Snake:3  | 26053 ||| INVOKING Heroism.
 26097 | Snake:3  | 26097 ||| Stepping ~*~*~tactically~*~*~ (stealth).
 26105 | Snake:3  | 26105 ||| Stepping ~*~*~tactically~*~*~ (stealth).
 26106 | Snake:3  | 26106 ||| Stepping ~*~*~tactically~*~*~ (hiding).
 26107 | Snake:3  | 26107 ||| Stepping ~*~*~tactically~*~*~ (stealth).
 26196 | Snake:3  | 26196 ||| Stepping ~*~*~tactically~*~*~ (stealth).
 26198 | Snake:3  | 26198 ||| Stepping ~*~*~tactically~*~*~ (hiding).
 26202 | Snake:3  | 26202 ||| INVOKING Heroism.
 26414 | Snake:3  | 26414 ||| Stepping ~*~*~tactically~*~*~ (hiding).
 26417 | Snake:3  | 26417 ||| INVOKING Heroism.
 26419 | Snake:3  | 26419 ||| Stepping ~*~*~tactically~*~*~ (hiding).
 26530 | Snake:3  | 26530 ||| Stepping ~*~*~tactically~*~*~ (hiding).
 26651 | Snake:3  | Noticed Vashnia
 26652 | Snake:3  | 26652 ||| Stepping ~*~*~tactically~*~*~ (hiding).
 26658 | Snake:3  | 26658 ||| INVOKING Heroism.
 26663 | Snake:3  | 26663 ||| Stepping ~*~*~tactically~*~*~ (hiding).
 26682 | Snake:3  | Killed Vashnia
 26683 | Snake:3  | Reached skill level 13 in Armour
 26927 | Snake:3  | 26927 ||| Stepping ~*~*~tactically~*~*~ (stealth).
 26928 | Snake:3  | 26928 ||| Stepping ~*~*~tactically~*~*~ (stealth).
 26928 | Snake:3  | Identified the ring of Xytowade {rN+ rCorr Str-3 Int+6
                  | Slay+2}
 26929 | Snake:3  | 26929 ||| Stepping ~*~*~tactically~*~*~ (hiding).
 26930 | Snake:3  | Identified the +5 war axe "Goch" {heavy, rPois Int+8
                  | Stlth-}
 26943 | Snake:3  | Received a gift from Okawaru
 26971 | Snake:3  | 26971 ||| Stepping ~*~*~tactically~*~*~ (stealth).
 26974 | Snake:3  | 26974 ||| Stepping ~*~*~tactically~*~*~ (stealth).
 26975 | Snake:3  | 26975 ||| Stepping ~*~*~tactically~*~*~ (stealth).
 26993 | Snake:3  | Received a gift from Okawaru
 27007 | Snake:3  | Identified the staff of poison "Tallerimm" {rPois Str+6
                  | Int-5 Dex+2 SInv}
 27012 | Snake:3  | 27012 ||| INVOKING Heroism.
 27014 | Snake:3  | 27014 ||| Stepping ~*~*~tactically~*~*~ (hiding).
 27158 | Snake:3  | Identified the +1 ring mail "Heagien" {Fly rPois Dex-4}
 27229 | Snake:3  | 27229 ||| PLANNING SHOALS:1-3
 27229 | Snake:3  | 27229 ||| UPGRADING to +2 tower shield of protection.
 27239 | Snake:3  | 27239 ||| DROPPING +2 kite shield of cold resistance.
 27240 | Snake:3  | 27240 ||| DROPPING ring of Wausean {Fly rCorr MP+9}.
 27334 | Shoals:1 | Entered Level 1 of the Shoals
 27335 | Shoals:1 | 27335 ||| INVOKING Heroism.
 27336 | Shoals:1 | 27336 ||| INVOKING Finesse.
 27409 | Shoals:1 | Received a gift from Okawaru
 27417 | Shoals:1 | 27417 ||| INVOKING Heroism.
 27418 | Shoals:1 | 27418 ||| INVOKING Finesse.
 27445 | Shoals:1 | Reached skill level 15 in Shields
 27548 | Shoals:1 | 27548 ||| INVOKING Heroism.
 27715 | Shoals:1 | 27715 ||| INVOKING Heroism.
 27716 | Shoals:1 | 27716 ||| INVOKING Finesse.
 27791 | Shoals:1 | 27791 ||| INVOKING Heroism.
 27810 | Shoals:1 | You are sucked into a shaft and drop 1 floor!
 27836 | Shoals:2 | Received a gift from Okawaru
 27840 | Shoals:2 | 27840 ||| INVOKING Heroism.
 27874 | Shoals:2 | 27874 ||| DROPPING +1 pair of gloves.
 28056 | Shoals:1 | 28056 ||| Stepping ~*~*~tactically~*~*~ (hiding).
 28057 | Shoals:1 | 28057 ||| Stepping ~*~*~tactically~*~*~ (hiding).
 28058 | Shoals:1 | 28058 ||| INVOKING Heroism.
 28366 | Shoals:2 | Received a gift from Okawaru
 28390 | Shoals:2 | 28390 ||| Stepping ~*~*~tactically~*~*~ (hiding).
 28391 | Shoals:2 | 28391 ||| Stepping ~*~*~tactically~*~*~ (hiding).
 28407 | Shoals:2 | 28407 ||| INVOKING Heroism.
 28474 | Shoals:2 | 28474 ||| INVOKING Heroism.
 28516 | Shoals:2 | Reached XP level 18. HP: 116/116 MP: 25/25
 28523 | Shoals:2 | 28523 ||| INVOKING Heroism.
 28533 | Shoals:2 | 28533 ||| DROPPING +2 broad axe of flaming.
 28634 | Shoals:2 | 28634 ||| Stepping ~*~*~tactically~*~*~ (hiding).
 28789 | Shoals:2 | 28789 ||| Stepping ~*~*~tactically~*~*~ (hiding).
 28913 | Shoals:2 | Noticed Polyphemus
 28914 | Shoals:2 | 28914 ||| INVOKING Heroism.
 28928 | Shoals:2 | Killed Polyphemus
 29186 | Shoals:2 | 29186 ||| Stepping ~*~*~tactically~*~*~ (stealth).
 29190 | Shoals:2 | 29190 ||| Stepping ~*~*~tactically~*~*~ (hiding).
 29409 | Shoals:2 | 29409 ||| DROPPING amulet of the acrobat.
 29429 | Shoals:3 | 29429 ||| INVOKING Heroism.
 29430 | Shoals:3 | 29430 ||| INVOKING Finesse.
 29562 | Shoals:3 | 29562 ||| Stepping ~*~*~tactically~*~*~ (hiding).
 29565 | Shoals:3 | 29565 ||| Stepping ~*~*~tactically~*~*~ (hiding).
 29567 | Shoals:3 | 29567 ||| Stepping ~*~*~tactically~*~*~ (hiding).
 29568 | Shoals:3 | 29568 ||| Stepping ~*~*~tactically~*~*~ (hiding).
 29569 | Shoals:3 | 29569 ||| Stepping ~*~*~tactically~*~*~ (hiding).
 29570 | Shoals:3 | 29570 ||| Stepping ~*~*~tactically~*~*~ (hiding).
 29676 | Shoals:3 | Found Soacoa's Jewellery Shoppe.
 29681 | Shoals:3 | 29681 ||| INVOKING Heroism.
 29744 | Shoals:3 | 29744 ||| BUYING ring of protection from cold (350 gold).
 29744 | Shoals:3 | Bought a ring of protection from cold for 350 gold pieces
 29912 | Shoals:3 | 29912 ||| INVOKING Heroism.
 29917 | Shoals:3 | Reached skill level 18 in Shields
 30470 | Shoals:3 | 30470 ||| PLANNING SNAKE:4
 30470 | Shoals:3 | 30470 ||| READING 18 scrolls of identify.
 30470 | Shoals:3 | 30470 ||| IDENTIFYING red potion
 30471 | Shoals:3 | 30471 ||| DROPPING potion of flight.
 30611 | Snake:4  | Entered Level 4 of the Snake Pit
 30612 | Snake:4  | 30612 ||| INVOKING Heroism.
 30636 | Snake:4  | Received a gift from Okawaru
 30713 | Snake:4  | 30713 ||| Stepping ~*~*~tactically~*~*~ (hiding).
 30715 | Snake:4  | 30715 ||| INVOKING Heroism.
 30751 | Snake:4  | 30751 ||| Stepping ~*~*~tactically~*~*~ (stealth).
 30801 | Snake:4  | 30801 ||| Stepping ~*~*~tactically~*~*~ (stealth).
 30803 | Snake:4  | 30803 ||| Stepping ~*~*~tactically~*~*~ (hiding).
 30818 | Snake:4  | Reached skill level 15 in Fighting
 30860 | Snake:4  | 30860 ||| Stepping ~*~*~tactically~*~*~ (stealth).
 30928 | Snake:4  | Found a glowing golden altar of the Shining One.
 31128 | Snake:4  | 31128 ||| INVOKING Heroism.
 31151 | Snake:4  | Reached skill level 14 in Armour
 31156 | Snake:4  | 31156 ||| Stepping ~*~*~tactically~*~*~ (stealth).
 31158 | Snake:4  | 31158 ||| Stepping ~*~*~tactically~*~*~ (stealth).
 31162 | Snake:4  | 31162 ||| Stepping ~*~*~tactically~*~*~ (hiding).
 31165 | Snake:4  | 31165 ||| Stepping ~*~*~tactically~*~*~ (stealth).
 31176 | Snake:4  | 31176 ||| INVOKING Heroism.
 31186 | Snake:4  | 31186 ||| Stepping ~*~*~tactically~*~*~ (stealth).
 31187 | Snake:4  | 31187 ||| Stepping ~*~*~tactically~*~*~ (stealth).
 31209 | Snake:4  | 31209 ||| Stepping ~*~*~tactically~*~*~ (stealth).
 31224 | Snake:4  | 31224 ||| INVOKING Heroism.
 31225 | Snake:4  | Identified the +0 scale mail of Shadows and Fog {Int+2}
                  | (Okawaru gifted it to you on level 4 of the Snake Pit)
 31225 | Snake:4  | Received a gift from Okawaru
 31441 | Snake:4  | 31441 ||| Stepping ~*~*~tactically~*~*~ (hiding).
 31442 | Snake:4  | 31442 ||| Stepping ~*~*~tactically~*~*~ (hiding).
 31446 | Snake:4  | 31446 ||| Stepping ~*~*~tactically~*~*~ (hiding).
 31449 | Snake:4  | 31449 ||| Stepping ~*~*~tactically~*~*~ (hiding).
 31450 | Snake:4  | 31450 ||| Stepping ~*~*~tactically~*~*~ (hiding).
 31589 | Snake:4  | Got a serpentine rune of Zot
 31634 | Snake:4  | 31634 ||| Stepping ~*~*~tactically~*~*~ (stealth).
 31637 | Snake:4  | 31637 ||| Stepping ~*~*~tactically~*~*~ (hiding).
 31640 | Snake:4  | 31640 ||| Stepping ~*~*~tactically~*~*~ (hiding).
 31645 | Snake:4  | 31645 ||| INVOKING Heroism.
 31652 | Snake:4  | Reached XP level 19. HP: 124/124 MP: 24/26
 31881 | Snake:4  | 31881 ||| PLANNING VAULTS:1-4
 31881 | Snake:4  | 31881 ||| UPGRADING to +2 pair of boots.
 31891 | Snake:4  | 31891 ||| DROPPING +0 pair of boots.
 32106 | Vaults:1 | Entered Level 1 of the Vaults
 32545 | Vaults:1 | 32545 ||| Stepping ~*~*~tactically~*~*~ (stealth).
 32556 | Vaults:1 | 32556 ||| INVOKING Heroism.
 32762 | Vaults:1 | 32762 ||| Stepping ~*~*~tactically~*~*~ (stealth).
 32826 | Vaults:1 | 32826 ||| Stepping ~*~*~tactically~*~*~ (stealth).
 32832 | Vaults:1 | 32832 ||| INVOKING Heroism.
 32833 | Vaults:1 | 32833 ||| INVOKING Finesse.
 32937 | Vaults:1 | Found Fonos's Magic Scroll Shoppe.
 33091 | Vaults:1 | 33091 ||| INVOKING Heroism.
 33092 | Vaults:1 | 33092 ||| INVOKING Finesse.
 33201 | Vaults:1 | 33201 ||| Stepping ~*~*~tactically~*~*~ (stealth).
 33203 | Vaults:1 | 33203 ||| INVOKING Finesse.
 33674 | Vaults:1 | 33674 ||| READING scroll labelled FUOBBO BIUKI.
 33898 | Vaults:2 | 33898 ||| INVOKING Heroism.
 33909 | Vaults:2 | 33909 ||| Stepping ~*~*~tactically~*~*~ (hiding).
 34159 | Vaults:2 | Noticed a tentacled monstrosity
 34160 | Vaults:2 | 34160 ||| INVOKING Heroism.
 34167 | Vaults:2 | Reached skill level 9 in Throwing
 34167 | Vaults:2 | Killed a tentacled monstrosity
 34323 | Vaults:2 | 34323 ||| Stepping ~*~*~tactically~*~*~ (stealth).
 34355 | Vaults:2 | Found a runed translucent gate.
 34355 | Vaults:2 | Found a runed translucent gate.
 34356 | Vaults:2 | Found a runed translucent gate.
 34356 | Vaults:2 | Noticed a tentacled monstrosity
 34356 | Vaults:2 | Noticed a tentacled monstrosity
 34373 | Vaults:2 | 34373 ||| Stepping ~*~*~tactically~*~*~ (stealth).
 34463 | Vaults:2 | 34463 ||| Stepping ~*~*~tactically~*~*~ (stealth).
 34513 | Vaults:2 | Reached skill level 15 in Armour
 34815 | Vaults:2 | 34815 ||| INVOKING Finesse.
 34869 | Vaults:2 | 34869 ||| Stepping ~*~*~tactically~*~*~ (hiding).
 34871 | Vaults:2 | 34871 ||| INVOKING Heroism.
 35063 | Vaults:2 | 35063 ||| Stepping ~*~*~tactically~*~*~ (hiding).
 35290 | Vaults:2 | Identified the +3 ring mail of Riliu {rC+ Str-3 SInv}
 35334 | Vaults:2 | 35334 ||| Stepping ~*~*~tactically~*~*~ (hiding).
 35345 | Vaults:2 | 35345 ||| Stepping ~*~*~tactically~*~*~ (hiding).
 35348 | Vaults:2 | 35348 ||| Stepping ~*~*~tactically~*~*~ (hiding).
 35353 | Vaults:2 | 35353 ||| INVOKING Heroism.
 35358 | Vaults:2 | Received a gift from Okawaru
 35543 | Vaults:2 | 35543 ||| READING scroll of enchant armour.
 35543 | Vaults:2 | 35543 ||| ENCHANTING +3 plate armour.
 35851 | Vaults:2 | Noticed a tentacled monstrosity
 35936 | Vaults:3 | Received a gift from Okawaru
 36004 | Vaults:3 | 36004 ||| INVOKING Heroism.
 36089 | Vaults:3 | Reached XP level 20. HP: 121/134 MP: 27/27
 36092 | Vaults:3 | 36092 ||| Stepping ~*~*~tactically~*~*~ (stealth).
 36177 | Vaults:3 | Found a runed translucent door.
 36339 | Vaults:3 | Reached skill level 16 in Armour
 36340 | Vaults:3 | Received a gift from Okawaru
 36565 | Vaults:3 | 36565 ||| Stepping ~*~*~tactically~*~*~ (hiding).
 36768 | Vaults:3 | Identified the +1 plate armour of Iquis {+Blink Int-2
                  | Slay+3 Stlth+} (Okawaru gifted it to you on level 3 of the
                  | Vaults)
 36768 | Vaults:3 | Received a gift from Okawaru
 36966 | Vaults:3 | Paralysed by a great orb of eyes for 4 turns
 36970 | Abyss:2  | Cast into level 2 of the Abyss (a wizard)
 37020 | Abyss:2  | 37020 ||| DROPPING +1 plate armour of Iquis {+Blink Int-2
                  | Slay+3 Stlth+}.
 37029 | Vaults:3 | Escaped the Abyss
 37033 | Vaults:3 | Reached skill level 6 in Dodging
 37071 | Vaults:3 | 37071 ||| Stepping ~*~*~tactically~*~*~ (hiding).
 37227 | Vaults:3 | 37227 ||| Stepping ~*~*~tactically~*~*~ (hiding).
 37305 | Vaults:3 | 37305 ||| Stepping ~*~*~tactically~*~*~ (stealth).
 37354 | Vaults:3 | 37354 ||| Stepping ~*~*~tactically~*~*~ (stealth).
 37360 | Vaults:3 | Found a staircase to the Crypt.
 37432 | Vaults:3 | 37432 ||| INVOKING Heroism.
 37435 | Vaults:3 | Paralysed by a sphinx for 4 turns
 37451 | Vaults:3 | 37451 ||| DRINKING 5 potions of curing.
 37451 | Vaults:3 | 37451 ||| (to cure confusion)
 37459 | Abyss:2  | Cast into level 2 of the Abyss (a wizard)
 37482 | Abyss:2  | 37482 ||| INVOKING Heroism.
 37495 | Abyss:2  | 37495 ||| Stepping ~*~*~tactically~*~*~ (stealth).
 37496 | Abyss:2  | 37496 ||| Stepping ~*~*~tactically~*~*~ (stealth).
 37497 | Abyss:2  | 37497 ||| Stepping ~*~*~tactically~*~*~ (stealth).
 37561 | Abyss:2  | 37561 ||| Stepping ~*~*~tactically~*~*~ (stealth).
 37568 | Abyss:2  | 37568 ||| Stepping ~*~*~tactically~*~*~ (hiding).
 37630 | Abyss:2  | 37630 ||| Stepping ~*~*~tactically~*~*~ (stealth).
 37632 | Abyss:2  | 37632 ||| Stepping ~*~*~tactically~*~*~ (hiding).
 37633 | Abyss:2  | 37633 ||| Stepping ~*~*~tactically~*~*~ (hiding).
 37636 | Abyss:2  | 37636 ||| Stepping ~*~*~tactically~*~*~ (hiding).
 37644 | Abyss:2  | Reached skill level 18 in Fighting
 37661 | Abyss:2  | 37661 ||| Stepping ~*~*~tactically~*~*~ (stealth).
 37685 | Abyss:2  | 37685 ||| Stepping ~*~*~tactically~*~*~ (stealth).
 37686 | Abyss:2  | 37686 ||| Stepping ~*~*~tactically~*~*~ (stealth).
 37687 | Abyss:2  | 37687 ||| Stepping ~*~*~tactically~*~*~ (stealth).
 37688 | Abyss:2  | 37688 ||| Stepping ~*~*~tactically~*~*~ (stealth).
 37699 | Abyss:2  | 37699 ||| Stepping ~*~*~tactically~*~*~ (stealth).
 37709 | Abyss:2  | 37709 ||| Stepping ~*~*~tactically~*~*~ (stealth).
 37713 | Abyss:2  | 37713 ||| Stepping ~*~*~tactically~*~*~ (stealth).
 37714 | Abyss:2  | 37714 ||| Stepping ~*~*~tactically~*~*~ (stealth).
 37808 | Abyss:2  | 37808 ||| Stepping ~*~*~tactically~*~*~ (stealth).
 37844 | Abyss:2  | 37844 ||| Stepping ~*~*~tactically~*~*~ (stealth).
 37853 | Abyss:2  | 37853 ||| INVOKING Heroism.
 37888 | Abyss:2  | 37888 ||| INVOKING Heroism.
 37917 | Abyss:2  | Received a gift from Okawaru
 37946 | Abyss:2  | 37946 ||| INVOKING Heroism.
 37948 | Abyss:2  | 37948 ||| Stepping ~*~*~tactically~*~*~ (hiding).
 37962 | Vaults:3 | Escaped the Abyss
 38307 | Vaults:3 | 38307 ||| INVOKING Heroism.
 38429 | Vaults:3 | 38429 ||| Stepping ~*~*~tactically~*~*~ (stealth).
 38436 | Vaults:3 | 38436 ||| INVOKING Heroism.
 38448 | Vaults:3 | Received a gift from Okawaru
 38878 | Vaults:3 | 38878 ||| DROPPING +2 chain mail of fire resistance.
 38924 | Vaults:4 | 38924 ||| Stepping ~*~*~tactically~*~*~ (hiding).
 39223 | Vaults:4 | Identified the +8 war axe of Checks and Balances {pain, rF-
                  | Will++}
 39241 | Vaults:4 | 39241 ||| DRINKING 4 potions of curing.
 39241 | Vaults:4 | 39241 ||| (to cure confusion)
 39242 | Vaults:4 | 39242 ||| Stepping ~*~*~tactically~*~*~ (hiding).
 39491 | Vaults:4 | 39491 ||| Stepping ~*~*~tactically~*~*~ (hiding).
 39497 | Vaults:4 | Received a gift from Okawaru
 39498 | Vaults:4 | Reached skill level 17 in Armour
 39764 | Vaults:4 | 39764 ||| INVOKING Heroism.
 39841 | Vaults:4 | Reached XP level 21. HP: 140/141 MP: 28/28
 39902 | Vaults:4 | Found a transporter.
 39902 | Vaults:4 | Found the +2 cloak of the Thief {*Fog Slay-2 SInv Stlth+}
 39904 | Vaults:4 | Noticed qw's ghost (veteran GrCA)
 39914 | Vaults:4 | Found a transporter.
 40194 | Vaults:4 | 40194 ||| PLANNING SHOALS:4
 40470 | Shoals:4 | Entered Level 4 of the Shoals
 40519 | Shoals:4 | 40519 ||| Stepping ~*~*~tactically~*~*~ (hiding).
 40520 | Shoals:4 | 40520 ||| Stepping ~*~*~tactically~*~*~ (hiding).
 40521 | Shoals:4 | 40521 ||| Stepping ~*~*~tactically~*~*~ (hiding).
 40529 | Shoals:4 | 40529 ||| Stepping ~*~*~tactically~*~*~ (hiding).
 40758 | Shoals:4 | 40758 ||| Stepping ~*~*~tactically~*~*~ (hiding).
 40759 | Shoals:4 | 40759 ||| Stepping ~*~*~tactically~*~*~ (hiding).
 40768 | Shoals:4 | 40768 ||| Stepping ~*~*~tactically~*~*~ (hiding).
 40807 | Shoals:4 | Identified the amulet of Attitude {RegenMP Harm Fly Dex+3}
 40969 | Shoals:4 | Found the +8 Vampire's Tooth {megavamp}
 41069 | Shoals:4 | 41069 ||| Stepping ~*~*~tactically~*~*~ (hiding).
 41074 | Shoals:4 | 41074 ||| Stepping ~*~*~tactically~*~*~ (hiding).
 41210 | Shoals:4 | 41210 ||| Stepping ~*~*~tactically~*~*~ (hiding).
 41217 | Shoals:4 | 41217 ||| INVOKING Heroism.
 41218 | Shoals:4 | 41218 ||| INVOKING Finesse.
 41223 | Shoals:4 | 41223 ||| Stepping ~*~*~tactically~*~*~ (hiding).
 41231 | Shoals:4 | 41231 ||| Stepping ~*~*~tactically~*~*~ (hiding).
 41238 | Shoals:4 | Received a gift from Okawaru
 41247 | Shoals:4 | 41247 ||| Stepping ~*~*~tactically~*~*~ (hiding).
 41426 | Shoals:4 | Got a barnacled rune of Zot
 41550 | Shoals:4 | 41550 ||| Stepping ~*~*~tactically~*~*~ (hiding).
 41555 | Shoals:4 | 41555 ||| Stepping ~*~*~tactically~*~*~ (hiding).
 41560 | Shoals:4 | 41560 ||| Stepping ~*~*~tactically~*~*~ (hiding).
 41561 | Shoals:4 | 41561 ||| Stepping ~*~*~tactically~*~*~ (hiding).
 41655 | Shoals:4 | 41655 ||| PLANNING DEPTHS
 41655 | Shoals:4 | 41655 ||| DROPPING amulet of Attitude {RegenMP Harm Fly
                  | Dex+3}.
 41888 | Depths:1 | Entered Level 1 of the Depths
 41888 | Depths:1 | Found a one-way gate to the infinite horrors of the Abyss.
 41896 | Depths:1 | 41896 ||| STAIRDANCE
 41953 | Depths:1 | Found a one-way gateway to a ziggurat.
 42123 | Depths:1 | 42123 ||| INVOKING Heroism.
 42246 | Depths:1 | 42246 ||| Stepping ~*~*~tactically~*~*~ (hiding).
 42251 | Depths:1 | 42251 ||| DRINKING 4 potions of curing.
 42251 | Depths:1 | 42251 ||| (to cure confusion)
 42390 | Depths:1 | 42390 ||| INVOKING Heroism.
 42391 | Depths:1 | 42391 ||| INVOKING Finesse.
 42469 | Depths:1 | Found a runed translucent door.
 42499 | Depths:1 | 42499 ||| INVOKING Heroism.
 42596 | Depths:1 | Found a gateway to Hell.
 42603 | Depths:1 | Reached skill level 18 in Armour
 42851 | Depths:1 | Identified the +6 glaive of Noon {antimagic, rF+ rCorr
                  | Int-2}
 42852 | Depths:1 | 42852 ||| DROPPING scarf of resistance.
 42867 | Depths:2 | 42867 ||| Stepping ~*~*~tactically~*~*~ (stealth).
 42868 | Depths:2 | 42868 ||| Stepping ~*~*~tactically~*~*~ (stealth).
 42869 | Depths:2 | 42869 ||| Stepping ~*~*~tactically~*~*~ (stealth).
 43064 | Depths:2 | 43064 ||| INVOKING Heroism.
 43127 | Depths:2 | 43127 ||| Stepping ~*~*~tactically~*~*~ (stealth).
 43151 | Depths:2 | 43151 ||| Stepping ~*~*~tactically~*~*~ (stealth).
 43154 | Depths:2 | 43154 ||| Stepping ~*~*~tactically~*~*~ (stealth).
 43161 | Depths:2 | 43161 ||| Stepping ~*~*~tactically~*~*~ (hiding).
 43171 | Depths:2 | Identified the +0 hat "Kajisuoviu" {rC+ Dex+2} (Okawaru
                  | gifted it to you on level 2 of the Depths)
 43171 | Depths:2 | Received a gift from Okawaru
 43247 | Depths:2 | Noticed a juggernaut
 43248 | Depths:2 | 43248 ||| INVOKING Heroism.
 43249 | Depths:2 | 43249 ||| INVOKING Finesse.
 43261 | Depths:2 | Killed a juggernaut
 43449 | Depths:2 | 43449 ||| INVOKING Heroism.
 43525 | Depths:2 | 43525 ||| Stepping ~*~*~tactically~*~*~ (hiding).
 43526 | Depths:2 | 43526 ||| INVOKING Heroism.
 43571 | Depths:2 | 43571 ||| INVOKING Heroism.
 43720 | Depths:2 | 43720 ||| INVOKING Heroism.
 43805 | Depths:2 | 43805 ||| Stepping ~*~*~tactically~*~*~ (hiding).
 43808 | Depths:2 | 43808 ||| INVOKING Heroism.
 43979 | Depths:2 | Found a hazy altar of Hepliaklqana.
 43981 | Depths:2 | 43981 ||| Stepping ~*~*~tactically~*~*~ (hiding).
 43986 | Depths:2 | 43986 ||| INVOKING Heroism.
 44057 | Depths:2 | Identified the ring "Qiusul" {Ice rElec Will+ Dex+6 Slay-6}
 44057 | Depths:2 | Noticed Josephina
 44058 | Depths:2 | 44058 ||| INVOKING Heroism.
 44076 | Depths:2 | Killed Josephina
 44416 | Depths:2 | 44416 ||| INVOKING Heroism.
 44565 | Depths:2 | Found a glowing silver altar of Zin.
 44706 | Depths:2 | Noticed Asterion
 44707 | Depths:2 | 44707 ||| INVOKING Heroism.
 44719 | Depths:2 | Killed Asterion
 44724 | Depths:2 | 44724 ||| Stepping ~*~*~tactically~*~*~ (stealth).
 44727 | Depths:2 | 44727 ||| Stepping ~*~*~tactically~*~*~ (stealth).
 44728 | Depths:2 | 44728 ||| Stepping ~*~*~tactically~*~*~ (stealth).
 44747 | Depths:2 | Found a one-way gate leading to the halls of Pandemonium.
 44768 | Depths:2 | 44768 ||| INVOKING Heroism.
 44777 | Depths:2 | Reached XP level 22. HP: 144/152 MP: 27/29
 44905 | Depths:2 | 44905 ||| DROPPING +1 broad axe of flaming.
 44972 | Depths:2 | 44972 ||| DROPPING ring of magical power.
 45095 | Depths:3 | 45095 ||| Stepping ~*~*~tactically~*~*~ (hiding).
 45461 | Depths:3 | 45461 ||| Stepping ~*~*~tactically~*~*~ (hiding).
 45463 | Depths:3 | 45463 ||| Stepping ~*~*~tactically~*~*~ (hiding).
 45558 | Depths:3 | Noticed a golden dragon
 45559 | Depths:3 | 45559 ||| INVOKING Heroism.
 45575 | Depths:3 | Killed a golden dragon
 45576 | Depths:3 | Reached skill level 19 in Armour
 45576 | Depths:3 | 45576 ||| Stepping ~*~*~tactically~*~*~ (hiding).
 45783 | Depths:3 | Noticed a juggernaut
 45784 | Depths:3 | 45784 ||| INVOKING Heroism.
 45787 | Depths:3 | Noticed a golden dragon
 45792 | Depths:3 | Noticed a golden dragon
 45801 | Depths:3 | Killed a juggernaut
 45808 | Depths:3 | Killed a golden dragon
 45814 | Depths:3 | Reached skill level 21 in Shields
 45820 | Depths:3 | Killed a golden dragon
 45960 | Depths:3 | 45960 ||| Stepping ~*~*~tactically~*~*~ (cloud).
 46039 | Depths:3 | Identified the ring "Veto" {*Corrode rC+ Will+ Stlth+}
 46042 | Depths:3 | Identified the +6 chain mail of Futikit {Harm *Corrode
                  | rElec rF-}
 46359 | Depths:3 | 46359 ||| DROPPING +2 plate armour of fire resistance.
 46360 | Depths:3 | 46360 ||| DROPPING +1 plate armour of cold resistance.
 46361 | Depths:3 | 46361 ||| DROPPING +0 ice dragon scales.
 46362 | Depths:3 | 46362 ||| UPGRADING to +0 gold dragon scales.
 46372 | Depths:3 | 46372 ||| UPGRADING to scarf of repulsion.
 46382 | Depths:3 | 46382 ||| DROPPING ring "Veto" {*Corrode rC+ Will+ Stlth+}.
 46400 | Depths:4 | Entered Level 4 of the Depths
 46402 | Depths:4 | Noticed a golden dragon
 46403 | Depths:4 | 46403 ||| INVOKING Heroism.
 46412 | Depths:4 | Received a gift from Okawaru
 46426 | Depths:4 | 46426 ||| INVOKING Heroism.
 46431 | Depths:4 | Killed a golden dragon
 46557 | Depths:4 | 46557 ||| INVOKING Heroism.
 46757 | Depths:4 | 46757 ||| INVOKING Heroism.
 46777 | Depths:4 | 46777 ||| Stepping ~*~*~tactically~*~*~ (hiding).
 46793 | Depths:4 | 46793 ||| Stepping ~*~*~tactically~*~*~ (stealth).
 47007 | Depths:4 | 47007 ||| INVOKING Heroism.
 47015 | Depths:4 | Received a gift from Okawaru
 47016 | Depths:4 | Reached skill level 20 in Armour
 47172 | Depths:4 | 47172 ||| Stepping ~*~*~tactically~*~*~ (hiding).
 47278 | Depths:4 | Noticed a golden dragon
 47279 | Depths:4 | 47279 ||| INVOKING Heroism.
 47284 | Depths:4 | Killed a golden dragon
 47422 | Depths:4 | Found a gate to the Realm of Zot.
 47423 | Depths:4 | 47423 ||| INVOKING Heroism.
 47593 | Depths:4 | 47593 ||| Stepping ~*~*~tactically~*~*~ (hiding).
 47594 | Depths:4 | 47594 ||| Stepping ~*~*~tactically~*~*~ (hiding).
 47714 | Depths:4 | 47714 ||| PLANNING VAULTS:5
 47872 | Vaults:5 | Entered Level 5 of the Vaults
 47872 | Vaults:5 | Noticed Mennas
 47873 | Vaults:5 | 47873 ||| INVOKING Heroism.
 47888 | Vaults:5 | 47888 ||| STAIRDANCE
 47888 | Vaults:5 | HP: 37/152 [vault guard/+1 battleaxe (5)]
 47890 | Vaults:4 | 47890 ||| READING 10 scrolls of teleportation.
 47891 | Vaults:4 | 47891 ||| DRINKING 5 potions of heal wounds.
 48199 | Vaults:5 | 48199 ||| INVOKING Heroism.
 48203 | Vaults:5 | 48203 ||| INVOKING Finesse.
 48204 | Vaults:5 | Received a gift from Okawaru
 48205 | Vaults:5 | Reached skill level 21 in Armour
 48233 | Vaults:5 | 48233 ||| STAIRDANCE
 48424 | Vaults:5 | Reached XP level 23. HP: 156/156 MP: 30/30
 48431 | Vaults:5 | 48431 ||| INVOKING Heroism.
 48432 | Vaults:5 | 48432 ||| DRINKING 3 potions of curing.
 48432 | Vaults:5 | 48432 ||| (to cure confusion)
 48435 | Vaults:5 | 48435 ||| INVOKING Finesse.
 48442 | Vaults:5 | Noticed a golden dragon
 48446 | Vaults:5 | 48446 ||| STAIRDANCE
 48454 | Vaults:4 | Received a gift from Okawaru
 48691 | Vaults:5 | Noticed Mara
 48697 | Vaults:5 | Noticed qw's illusion
 48698 | Vaults:5 | Reached skill level 22 in Armour
 48699 | Vaults:5 | Noticed Sojobo
 48702 | Vaults:5 | Received a gift from Okawaru
 48704 | Vaults:5 | 48704 ||| INVOKING Heroism.
 48704 | Vaults:5 | HP: 35/158 [tengu reaver/+1 bardiche (9)]
 48705 | Vaults:5 | 48705 ||| READING 9 scrolls of teleportation.
 48706 | Vaults:5 | 48706 ||| DRINKING 4 potions of heal wounds.
 48707 | Vaults:5 | 48707 ||| STAIRDANCE
 48758 | Vaults:5 | 48758 ||| INVOKING Heroism.
 48759 | Vaults:5 | 48759 ||| INVOKING Finesse.
 48774 | Vaults:5 | 48774 ||| Stepping ~*~*~tactically~*~*~ (hiding).
 48775 | Vaults:5 | 48775 ||| Stepping ~*~*~tactically~*~*~ (hiding).
 48776 | Vaults:5 | 48776 ||| Stepping ~*~*~tactically~*~*~ (hiding).
 48782 | Vaults:5 | Killed Sojobo
 48791 | Vaults:5 | 48791 ||| Stepping ~*~*~tactically~*~*~ (hiding).
 48792 | Vaults:5 | 48792 ||| Stepping ~*~*~tactically~*~*~ (hiding).
 48793 | Vaults:5 | 48793 ||| Stepping ~*~*~tactically~*~*~ (hiding).
 48794 | Vaults:5 | 48794 ||| Stepping ~*~*~tactically~*~*~ (hiding).
 48795 | Vaults:5 | 48795 ||| INVOKING Heroism.
 48854 | Vaults:5 | 48854 ||| INVOKING Heroism.
 48876 | Vaults:5 | Identified the +2 sling "Trog's Fury" {freeze, Fragile
                  | rCorr Stlth+}
 48878 | Vaults:5 | Noticed qw's illusion
 48880 | Vaults:5 | 48880 ||| DRINKING 2 potions of curing.
 48880 | Vaults:5 | 48880 ||| (to cure confusion)
 48887 | Vaults:5 | HP: 2/159 [tengu reaver/bolt of acid (50)]
 48888 | Vaults:5 | 48888 ||| READING 8 scrolls of teleportation.
 48888 | Vaults:5 | Slain by Mara (illusionary)

Levels and vault maps discovered:
D:1:      matt_arrival_debris, layout_loops_corners
D:2:      layout_basic, uniq_crazy_yiuf_cottage, uniq_natasha
D:3:      layout_rooms, mainiacjoe_overflow_chevrons,
          minmay_misc_feat_nine_boxes
D:4:      layout_basic, minmay_temple_entry_wispy
D:5:      layout_basic, makhleb_blood_cavern_becter, general_overflow_altar,
          gammafunk_ghost_icy, uniq_pikel, uniq_blork_the_orc
D:6:      layout_cave_pods, lemuel_tele_altar, enter_ossuary_4,
          minmay_misc_feat_iff
D:7:      layout_loops_ring
D:8:      layout_basic, kennysheep_mini, kennysheep_mini_moat
D:9:      layout_roguey, grunt_lair_entry_orc_guard_hut, david_orc_4,
          serial_shops, nicolae_shop_bloodbath_and_beyond,
          hangedman_decor_lopped
D:10:     layout_stronghold, tgw_xom
D:11:     layout_cave_pools
D:12:     layout_basic, maelrawn_ghost_gauntlet_escape, nicolae_shop_self_help
D:13:     layout_rooms, gauntlet_entry_generic
D:14:     layout_basic, david_vaults_3, kennysheep_path_1
D:15:     grunt_enter_depths_giant_problem, layout_stronghold, enter_trove_2,
          hellmonk_ghost_happy_afterlife
Temple:   nicolae_temple_no_exploring_needed
Lair:1:   layout_long_grid, gammafunk_ghost_ooze, grunt_megastairs_2
Lair:2:   layout_loops_ring, basic_altar, uniq_maggie
Lair:3:   layout_concentric_octagons, minmay_shoals_entry_centaurs,
          minmay_snake_entry_guardpost_medium, beast_lair_carwin_10
Lair:4:   layout_hall_layers, chequers_serial_rivers_room_b, uniq_urug
Lair:5:   due_jungle_book, layout_regular_city, nicolae_slime_entry_field_trip,
          serial_forest, infiniplex_forest_end_3, infiniplex_forest_clump_tiny,
          infiniplex_forest_straight_3, infiniplex_forest_fountain,
          infiniplex_forest_fountain, infiniplex_forest_clump_medium,
          infiniplex_forest_lined_2, lemuel_fruit_fields
Shoals:1: layout_shoals, nicolae_shoals_siren_and_animal_friends
Shoals:2: cheibrodos_shoals_baths, layout_shoals, uniq_polyphemus
Shoals:3: layout_shoals, serial_shops, shop
Shoals:4: shoals_end_grunt_ice, layout_shoals
Snake:1:  layout_misc_corridors
Snake:2:  layout_onion, minmay_shop_grove, lemuel_fruit_tree
Snake:3:  layout_rooms, nicolae_snake_naga_rites, grunt_megastairs_1,
          uniq_vashnia, uniq_bai_suzhen
Snake:4:  johnstein_snake_rune_scales, layout_rooms, basic_altar,
          grunt_megastairs_4, serial_bayou_shore_b
Orc:1:    layout_diamond_mine, nicolae_orc_pool_cavern
Orc:2:    grunt_orc_community_town_hall, layout_diamond_mine,
          grunt_orc_community_big_house_2, grunt_orc_community_big_house_1,
          grunt_orc_community_house_1, grunt_orc_community_house_2,
          grunt_orc_community_house_3, grunt_orc_community_house_3
Vaults:1: nicolae_vaults_trapezoid_lopsided_4, nicolae_vaults_two_Ls, v_misc_30,
          st_smaller_cells, nicolae_vaults_alarming, vaults_standard_mumra_x,
          vaults_dpeg_hooks, nicolae_vaults_diamond_1,
          layout_vaults_chaotic_city, serial_shops, nicolae_shop_waterfront
Vaults:2: ploomutoo_gammafunk_ghost_potion_laboratory, hangedman_vaults_nails,
          v_rooms_3, ontoclasm_vaults_ligature, nicolae_vaults_hallways_thing,
          nicolae_vaults_tetromino_L_1, v_alt_pattern_4, v_misc_33, v_rooms_6,
          serial_ice_g, st_lines, nicolae_vaults_little_squares_6,
          nicolae_vaults_yaktaur_gun_rack, nicolae_vaults_little_squares_1,
          hangedman_vaults_nails, layout_vaults_maze
Vaults:3: nicolae_vaults_oozy_zoo, nicolae_vaults_rhombus_7,
          nicolae_vaults_double_plus_2, nicolae_vaults_ellipses_ellipsis,
          nicolae_vaults_frosty_reception, minmay_crypt_entry_skeletal_spiral,
          nicolae_vaults_more_shelving_2, hangedman_vaults_impose, v_pattern_5,
          grunt_vaults_swirl, vaults_room_grunt_arrival_ludios,
          vaults_dpeg_cross, v_misc_14, vaults_room_hallway,
          layout_vaults_omnibox
Vaults:4: gammafunk_ghost_arena, vaults_room_hangedman_quadrants,
          nicolae_vaults_little_squares_6, nicolae_vaults_ninety_degrees,
          vaults_room_grid, nicolae_vaults_double_plus_2,
          hangedman_vaults_corner_blocks, nicolae_vaults_layer_cake_slice,
          nicolae_vaults_specimen_jars, nicolae_vaults_storage_room_statues,
          nicolae_vaults_wine_cellar, nicolae_vaults_tetromino_Z_2,
          vaults_room_fours, layout_vaults_ring
Vaults:5: serial_shops, uniq_mennas, uniq_sojobo, uniq_mara
Depths:1: layout_forbidden_donut, enter_ziggurat_e, abyss_entry, hell_entry,
          minmay_misc_feat_square, serial_rivers,
          chequers_serial_rivers_small_a, chequers_serial_rivers_small_3,
          chequers_serial_rivers_marsh, chequers_serial_rivers_small_b,
          chequers_serial_rivers_micro_c, chequers_serial_rivers_small_b,
          kennysheep_treasure_room
Depths:2: cell_vault, layout_basic, grunt_pan_entry_spiral, zin_angel,
          grunt_hell_entry_dis_old, nicolae_hepliaklqana_monster_ancestors,
          uniq_asterion, uniq_josephina
Depths:3: nzn_winding_woodlands_medium [nzn_winding_woodlands_5x5_open_star,
          nzn_winding_woodlands_5x15_zeroes,
          nzn_winding_woodlands_5x5_perimeter,
          nzn_winding_woodlands_5x5_checkerboard,
          nzn_winding_woodlands_center_triple_pond,
          nzn_winding_woodlands_5x5_default, nzn_winding_woodlands_5x5_default,
          nzn_winding_woodlands_5x15_parted, nzn_winding_woodlands_hourglass],
          layout_gridville, grunt_mini_vestibule,
          chequers_serial_rivers_small_b, abyss_entry_small_statue_room,
          hangedman_eye_storm
Depths:4: grunt_twist_and_shout, layout_gridville, pf_coc_iceberg

Skill      XL: |  1  2  3  4  5  6  7  8  9 10 11 12 13 14 15 16 17 18 19 20 21 22 23 |
---------------+----------------------------------------------------------------------+-----
Axes           | 2 3 4 5 7 9 10 12 14 16 18 | 18.0
Fighting       | 4 5 7 8 9 10 11 12 13 14 15 17 18 20 | 20.9
Dodging        | 1 3 4 5 6 7 |  7.0
Invocations    | 2 4 7 10 | 10.1
Throwing       | 5 7 8 9 10 | 10.0
Shields        | 4 5 6 7 8 13 16 18 19 20 21 | 21.0
Armour         | 4 6 7 9 10 12 13 14 15 17 18 21 22 | 22.0

Action                     |  1- 3 |  4- 6 |  7- 9 | 10-12 | 13-15 | 16-18 | 19-21 | 22-24 || total
---------------------------+-------+-------+-------+-------+-------+-------+-------+-------++-------
  Melee: War axe           |   117 |   157 |   140 |    66 |       |       |       |       ||   480
         Broad axe         |       |       |       |   376 |   820 |   965 |  1339 |   475 ||  3975
         Flail             |       |       |       |    19 |     5 |       |       |       ||    24
  Throw: Boomerang         |       |    26 |    39 |    35 |     6 |    30 |    76 |     6 ||   218
         Javelin           |       |       |       |       |   147 |    91 |   170 |    12 ||   420
 Invoke: Heroism           |       |       |    10 |    22 |    29 |    33 |    32 |    16 ||   142
         Finesse           |       |       |       |       |     8 |     5 |     7 |     3 ||    23
    Use: Scroll            |     4 |     5 |     5 |    16 |     5 |     2 |     2 |     3 ||    42
         Potion            |     1 |     2 |       |     3 |     1 |     2 |     3 |     4 ||    16
 Armour: Scale mail        |    61 |    23 |       |       |       |       |       |       ||    84
         Chain mail        |       |    55 |    78 |     5 |       |       |       |       ||   138
         Plate armour      |       |       |       |   243 |   295 |   257 |   300 |    38 ||  1133
         Gold dragon scale |       |       |       |       |       |       |       |   212 ||   212
  Dodge: Dodged            |    51 |    49 |    47 |   115 |   168 |   258 |   203 |   172 ||  1063
         Repelled          |       |       |       |       |       |       |       |     6 ||     6
  Block: Buckler           |    14 |    53 |    59 |   210 |   189 |       |       |       ||   525
         Reflection        |       |     4 |     5 |     7 |    37 |   132 |    61 |    18 ||   264
         Kite shield       |       |       |       |       |   207 |   388 |       |       ||   595
         Tower shield      |       |       |       |       |       |   568 |  1049 |   554 ||  2171

Table legend:
 A = Non-vault XP
 B = Vault XP
 C = Vault XP percentage of total XP
 D = Non-vault monster count
 E = Vault monster count
 F = Vault count percentage of total count
                 A         B        C        D         E       F
            +---------+---------+-------+---------+---------+-------
      Total |  416192 |  336366 |  44.7 |    1036 |     536 |  34.1
            +---------+---------+-------+---------+---------+-------
        D:1 |      49 |       0 |   0.0 |      26 |       0 |   0.0
        D:2 |     122 |      35 |  22.3 |      26 |       1 |   3.7
        D:3 |      41 |       0 |   0.0 |      11 |       0 |   0.0
        D:4 |     102 |       0 |   0.0 |      23 |       0 |   0.0
        D:5 |    1451 |     811 |  35.9 |      22 |       4 |  15.4
        D:6 |    2246 |       2 |   0.1 |      26 |       2 |   7.1
        D:7 |     823 |       0 |   0.0 |      21 |       0 |   0.0
        D:8 |    2221 |       0 |   0.0 |      19 |       0 |   0.0
        D:9 |    1681 |    1439 |  46.1 |      27 |      22 |  44.9
       D:10 |    3070 |      28 |   0.9 |      21 |       2 |   8.7
       D:11 |    3460 |       0 |   0.0 |      28 |       0 |   0.0
       D:12 |    9358 |       0 |   0.0 |      31 |       0 |   0.0
       D:13 |    7759 |       0 |   0.0 |      27 |       0 |   0.0
       D:14 |   10335 |    7569 |  42.3 |      28 |      20 |  41.7
       D:15 |    7260 |    1114 |  13.3 |      15 |       1 |   6.2
     Lair:1 |    4974 |     183 |   3.5 |      22 |       2 |   8.3
     Lair:2 |    3521 |     398 |  10.2 |      15 |       1 |   6.2
     Lair:3 |    6794 |    3552 |  34.3 |      19 |      15 |  44.1
     Lair:4 |    9389 |       0 |   0.0 |      30 |       0 |   0.0
     Lair:5 |   12097 |   13752 |  53.2 |      34 |      25 |  42.4
   Shoals:1 |   17743 |    3846 |  17.8 |      33 |       7 |  17.5
   Shoals:2 |   17028 |    7262 |  29.9 |      32 |      12 |  27.3
   Shoals:3 |   17207 |       0 |   0.0 |      30 |       0 |   0.0
   Shoals:4 |    6183 |   18254 |  74.7 |      13 |      30 |  69.8
    Snake:1 |   15203 |       0 |   0.0 |      32 |       0 |   0.0
    Snake:2 |   15147 |       0 |   0.0 |      33 |       0 |   0.0
    Snake:3 |   24722 |   25995 |  51.3 |      45 |      33 |  42.3
    Snake:4 |   16802 |   27153 |  61.8 |      33 |      44 |  57.1
      Orc:1 |    2269 |       0 |   0.0 |      21 |       0 |   0.0
      Orc:2 |    3942 |    3993 |  50.3 |      32 |      70 |  68.6
   Vaults:1 |   12613 |   17459 |  58.1 |      19 |      22 |  53.7
   Vaults:2 |   23772 |   23661 |  49.9 |      34 |      34 |  50.0
   Vaults:3 |   22363 |   35207 |  61.2 |      39 |      52 |  57.1
   Vaults:4 |   15426 |   18011 |  53.9 |      21 |      20 |  48.8
   Vaults:5 |   18471 |   49090 |  72.7 |      23 |      47 |  67.1
   Depths:1 |   20833 |       0 |   0.0 |      25 |       0 |   0.0
   Depths:2 |   17495 |   36757 |  67.8 |      20 |      28 |  58.3
   Depths:3 |   21770 |   21805 |  50.0 |      19 |      17 |  47.2
   Depths:4 |   21632 |   14727 |  40.5 |      18 |      14 |  43.8
    Abyss:2 |   18818 |       0 |   0.0 |      43 |       0 |   0.0
   Gauntlet |       0 |    4263 | 100.0 |       0 |      11 | 100.0
            +---------+---------+-------+---------+---------+-------
